 Dungeon Crawl Stone Soup version 0.31.0-12-g77e489cdc1 (webtiles) character file.

Game seed: 5699928127492748767

17193837 Stirner the Middleweight Champion (level 27, 224/224 HPs)
             Began as an Octopode Shapeshifter on Feb 10, 2024.
             Was the Champion of Jiyva.
             Escaped with the Orb
             ... and 15 runes on Feb 11, 2024!
             The game lasted 10:23:10 (90544 turns).

Stirner the Middleweight Champion (OpSh)           Turns: 90544, Time: 10:23:11

Health: 224/224    AC: 18    Str: 43    XL:     27
Magic:  47/47      EV: 34    Int: 18    God:    Jiyva [******]
Gold:   10718      SH: 38    Dex: 20    Spells: 44/66 levels left

rFire   + .          .
                       - Unarmed
rCold   + + +        H - +7 tower shield {rN+}
rNeg    + + +        Q - +0 mask of the Dragon {Will+ Slay+3 SInv}
rPois   ∞            q - amulet "Kuarchytos" {Reflect Str+5 SH+5}
rElec   +            D - ring "Ofebe" {rC+ rN+ AC+4}
rCorr   +            e - ring of protection from fire
SInv    +            L - +6 ring of intelligence
Will    ++++.        X - +6 ring of strength
Stlth   ++++         j - ring of the Mage {Wiz Archmagi}
HPRegen 2.17/turn    O - ring of Goit {rC+ Str+3 Stlth+}
MPRegen 1.10/turn    x - ring of the Tortoise {AC+8}
                     R - +6 ring of strength

%: reflection, wizardry (x1), archmagi
@: death-form, studying 4 skills
A: vile attack, torment immunity, no potions, almost no armour, amphibious, 8
rings, camouflage 1, gelatinous body 3, (nimble swimmer 1), tentacles, fangs 1,
tentacle spike 2, iridescent scales 1, agile 2, shaggy fur 1, electricity
resistance, jelly sensing items, jelly absorbing missiles
0: Orb of Zot
}: 15/15 runes: serpentine, barnacled, slimy, silver, golden, iron, obsidian,
icy, bone, abyssal, demonic, glowing, magical, fiery, dark
a: Siphon Essence, Begin Untransformation, Renounce Religion, Oozemancy, Slimify


You escaped.
You worshipped Jiyva.
Jiyva was exalted by your worship.
You were an undying horror.
You visited 17 branches of the dungeon, and saw 87 of its levels.
You visited Pandemonium 2 times, and saw 17 of its levels.
You visited the Abyss 1 time.
You also visited: Trove, Bailey, Ice Cave and Desolation.

You collected 12863 gold pieces.
You spent 2145 gold pieces at shops.

Inventory:

Missiles
 V - 7 silver javelins
Armour
 H - a +7 tower shield of positive energy (worn)
 Q - the +0 mask of the Dragon (worn) {Will+ Slay+3 SInv}
   (You found it on level 1 of the Crypt)

   Slay+3:    It affects your accuracy & damage with ranged weapons and melee
   (+3).
   Will+:     It increases your willpower.
   SInv:      It lets you see invisible.
Jewellery
 e - a ring of protection from fire (right tentacle)
 g - a ring of protection from cold
 j - the ring of the Mage (on tentacle) {Wiz Archmagi}
   (You found it on level 3 of the Snake Pit)

   [ring of wizardry]

   Wiz:       It improves your spell success rate.
   Archmagi:  It increases the power of your magical spells.
 l - the amulet "Viloow" {Faith rCorr Int+2 Slay+3 SInv}
   (You found it in Pandemonium)

   [amulet of faith]

   Faith:     It allows you to gain divine favour quickly.
   Int+2:     It affects your intelligence (+2).
   Slay+3:    It affects your accuracy & damage with ranged weapons and melee
   (+3).
   SInv:      It lets you see invisible.
   rCorr:     It protects you from acid and corrosion.
 p - the ring "Guejuj" {+Blink rF- Will++ rCorr Dex+2}
   (You took it off Antaeus on level 7 of Cocytus)

   [ring of resist corrosion]

   Dex+2:     It affects your dexterity (+2).
   rF-:       It makes you vulnerable to fire.
   Will++:    It greatly increases your willpower.
   +Blink:    It lets you blink.
   rCorr:     It protects you from acid and corrosion.
 q - the amulet "Kuarchytos" (around mantle) {Reflect Str+5 SH+5}
   (You found it in Pandemonium)

   [amulet of reflection]

   Reflect:   It reflects blocked missile attacks.
   Str+5:     It affects your strength (+5).
   SH+5:      It affects your SH (+5).
 x - the ring of the Tortoise (on tentacle) {AC+8}
   (You took it off a deep elf blademaster on level 3 of the Elven Halls)

   [ring of protection]

   AC+8:      It affects your AC (+8).
 D - the ring "Ofebe" (left tentacle) {rC+ rN+ AC+4}
   (You acquired it in a bailey)

   [ring of protection]

   AC+4:      It affects your AC (+4).
   rC+:       It protects you from cold.
   rN+:       It protects you from negative energy.
 K - a +6 ring of dexterity
 L - a +6 ring of intelligence (on tentacle)
 O - the ring of Goit (on tentacle) {rC+ Str+3 Stlth+}
   (You found it on level 3 of the Elven Halls)

   [ring of protection from cold]

   Str+3:     It affects your strength (+3).
   rC+:       It protects you from cold.
   Stlth+:    It makes you more stealthy.
 R - a +6 ring of strength (on tentacle)
 X - a +6 ring of strength (on tentacle)
Talismans
 c - a storm talisman
 r - a dragon-blood talisman
 u - a granite talisman
 E - a talisman of death (active)
Wands
 F - a wand of roots (68)
 G - a wand of mindburst (25)
 M - a wand of quicksilver (43)
 S - a wand of digging (29)
 T - a wand of polymorph (22)
 Y - a wand of charming (52)
Scrolls
 b - 13 scrolls of blinking
 h - 19 scrolls of teleportation
 m - 5 scrolls of revelation
 o - 12 scrolls of fear
 y - a scroll of butterflies
 P - 16 scrolls of poison
Potions
 a - 4 potions of lignification
 d - 4 potions of ambrosia
 f - 8 potions of heal wounds
 i - 7 potions of magic
 k - 21 potions of curing
 s - 5 potions of berserk rage
 t - 7 potions of cancellation
 w - 8 potions of enlightenment
 z - 5 potions of might
 B - a potion of haste
 I - a potion of resistance
 J - 8 potions of mutation
 U - 6 potions of brilliance
Miscellaneous
 n - a figurine of a ziggurat
 v - a sack of spiders
 A - a lightning rod (4/4)
 C - a phial of floods
 N - a phantom mirror
 W - a tin of tremorstones (1/2)
 Z - the horn of Geryon


   Skills:
 O Level 27 Fighting
 - Level 25.0 Dodging
 - Level 25.0 Stealth
 + Level 26.5 Shields
 O Level 27 Unarmed Combat
 - Level 20.0 Spellcasting
 - Level 23.0 Translocations
 - Level 6.0 Air Magic
 O Level 27 Evocations
 O Level 27 Shapeshifting


You had 44 spell levels left.
You knew the following spells:

 Your Spells              Type           Power      Damage    Failure   Level
a - Manifold Assault      Tloc           100%       N/A       0%          4
b - Blink                 Tloc           100%       N/A       0%          2
c - Lesser Beckoning      Tloc           100%       N/A       0%          2
d - Vhi's Electric Charg  Tloc/Air       100%       N/A       1%          4
e - Dispersal             Tloc           50%        N/A       1%          6
f - Swiftness             Air            56%        N/A       1%          3
g - Apportation           Tloc           100%       N/A       0%          1

Your spell library contained the following spells:

 Spells                   Type           Power      Damage    Failure   Level
 Gell's Gravitas          Tloc           100%       N/A       0%          3
 Teleport Other           Tloc           100%       N/A       0%          3
 Passage of Golubria      Tloc           100%       N/A       0%          4
 Foxfire                  Conj/Fire      100%       2x1d9     1%          1
 Kiss of Death            Conj/Necr      100%       2d13      1%          1
 Magic Dart               Conj           100%       1d8       1%          1
 Necrotise                Necr           100%       1d9       1%          1
 Sandblast                Erth           54%        2d13      1%          1
 Shock                    Conj/Air       100%       1d9       1%          1
 Slow                     Hex            100%       N/A       1%          1
 Sting                    Conj/Alch      100%       1d9       1%          1
 Summon Small Mammal      Summ           100%       N/A       1%          1
 Call Imp                 Summ           54%        N/A       1%          2
 Cigotuvi's Dreadful Rot  Necr/Alch/Air  74%        N/A       1%          2
 Ensorcelled Hibernation  Hex/Ice        54%        N/A       1%          2
 Jinxbite                 Hex            54%        N/A       1%          2
 Mercury Vapours          Alch/Air       86%        N/A       1%          2
 Momentum Strike          Conj/Tloc      100%       3d10      1%          2
 Scorch                   Fire           54%        2d7       1%          2
 Searing Ray              Conj           54%        2d6       1%          2
 Static Discharge         Conj/Air       86%        3-7/arc   1%          2
 Mephitic Cloud           Conj/Alch/Air  37%        N/A       1%          3
 Airstrike                Air            28%        2d(4-20)  1%          4
 Dimensional Bullseye     Hex/Tloc       36%        N/A       1%          4
 Iskenderun's Mystic Bla  Conj/Tloc      73%        2d15      1%          4
 Summon Forest            Summ/Tloc      36%        N/A       1%          5
 Disjunction              Tloc           50%        N/A       1%          8
 Call Canine Familiar     Summ           27%        N/A       3%          3
 Confusing Touch          Hex            27%        N/A       3%          3
 Dazzling Flash           Conj/Hex       54%        N/A       3%          3
 Frozen Ramparts          Ice            54%        1d9       3%          3
 Fugue of the Fallen      Necr           27%        N/A       3%          3
 Hailstorm                Conj/Ice       27%        3d8       3%          3
 Inner Flame              Hex/Fire       27%        N/A       3%          3
 Ozocubu's Armour         Ice            27%        N/A       3%          3
 Passwall                 Erth           27%        N/A       3%          3
 Sigil of Binding         Hex            27%        N/A       3%          3
 Stone Arrow              Conj/Erth      54%        3d10      3%          3
 Summon Ice Beast         Ice/Summ       27%        N/A       3%          3
 Tukima's Dance           Hex            27%        N/A       3%          3
 Vampiric Draining        Necr           27%        2d7       3%          3
 Summon Lightning Spire   Summ/Air       43%        N/A       3%          4
 Arcjolt                  Conj/Air       21%        1d31      9%          5
 Silence                  Hex/Air        21%        N/A       9%          5
 Anguish                  Hex/Necr       13%        N/A       12%         4
 Brom's Barrelling Bould  Conj/Erth      27%        2d5       12%         4
 Cause Fear               Hex            13%        N/A       12%         4
 Dispel Undead            Necr           27%        3d13      12%         4
 Flame Wave               Conj/Fire      27%        2d9       12%         4
 Ignite Poison            Fire/Alch      27%        N/A       12%         4
 Leda's Liquefaction      Alch/Erth      13%        N/A       12%         4
 Martyr's Knell           Necr/Summ      27%        N/A       12%         4
 Olgreb's Toxic Radiance  Alch           27%        N/A       12%         4
 Sticky Flame             Fire/Alch      27%        2d7       12%         4
 Summon Blazeheart Golem  Fire/Summ      27%        N/A       12%         4
 Freezing Cloud           Conj/Ice/Air   18%        6-21      14%         5
 Alistair's Intoxication  Alch           18%        N/A       30%         5
 Borgnjor's Vile Clutch   Necr/Erth      13%        N/A       30%         5
 Curse of Agony           Necr           27%        N/A       30%         5
 Fireball                 Conj/Fire      13%        3d7       30%         5
 Irradiate                Conj/Alch      13%        3d16      30%         5
 Iskenderun's Battlesphe  Conj           27%        2d8       30%         5
 Lee's Rapid Deconstruct  Erth           13%        3d9*      30%         5
 Summon Mana Viper        Hex/Summ       27%        N/A       30%         5
 Yara's Violent Unravell  Hex/Alch       13%        3d7       30%         5
 Conjure Ball Lightning   Conj/Air       21%        3x3d6     43%         6
 Plasma Beam              Fire/Air       21%        2x1d33    43%         6
 Bombard                  Conj/Erth      13%        9d3       83%         6
 Death Channel            Necr           13%        N/A       83%         6
 Eringya's Noxious Bog    Alch           13%        4d6       83%         6
 Sculpt Simulacrum        Ice/Alch       13%        N/A       83%         6
 Starburst                Conj/Fire      13%        6d6       83%         6
 Summon Cactus Giant      Summ           13%        N/A       83%         6
 Enfeeble                 Hex            13%        N/A       100%        7
 Monstrous Menagerie      Summ           13%        N/A       100%        7
 Orb of Destruction       Conj           13%        9d7       100%        7
 Ozocubu's Refrigeration  Ice            13%        4d10      100%        7
 Spellforged Servitor     Conj/Summ      13%        N/A       100%        7
 Summon Hydra             Summ           13%        N/A       100%        7
 Borgnjor's Revivificati  Necr           13%        N/A       100%        8
 Discord                  Hex            13%        N/A       100%        8
 Ignition                 Fire           13%        3d6       100%        8
 Infestation              Necr           13%        N/A       100%        8
 Lehudib's Crystal Spear  Conj/Erth      13%        10d5      100%        8
 Chain Lightning          Conj/Air       21%        3d28      100%        9
 Dragon's Call            Summ           13%        N/A       100%        9
 Fire Storm               Conj/Fire      13%        8d4       100%        9
 Polar Vortex             Ice            13%        12d1*     100%        9
 Shatter                  Erth           13%        3d14*     100%        9
 Animate Armour           Summ/Erth      Unusable   N/A       N/A         4

Dungeon Overview and Level Annotations

Branches:
Dungeon (15/15)            Temple (0/1) D:5            Lair (5/5) D:8
 Shoals (4/4) Lair:3        Snake (4/4) Lair:2        Slime (5/5) Lair:4
    Orc (2/2) D:9             Elf (3/3) Orc:2        Vaults (5/5) D:13
  Crypt (3/3) Vaults:2       Tomb (3/3) Crypt:3      Depths (4/4) D:15
   Hell (visited)             Dis (7/7) Hell            Geh (7/7) Hell
    Coc (7/7) Hell            Tar (7/7) Hell            Zot (5/5) Depths:4
 Bailey (visited)           IceCv (visited)         Desolation (visited)

Altars:
Ashenzari
Cheibriados
Fedhas
Hepliaklqana
Kikubaaqudgha
Nemelex Xobeh
Okawaru
Qazlal
Ru
Trog
Uskayaw
Vehumet
Wu Jian
Yredelemnul
Zin
The Shining One
Jiyva
Lugonu

Shops:
D:7 *   D:13 :   Orc:2 *?!*   Shoals:2 ?   Shoals:4 (   Snake:3 *   Vaults:1 ((
Vaults:5 (   Zot:5 *   Depths:1 *

Portals:
Hell: Depths:1 Depths:2 Depths:3 Depths:4
Abyss: Lair:5 Depths:2 Depths:3 Depths:4
Pandemonium: Depths:2
Ziggurat: Depths:2

Annotations:
Slime:3 Dissolution
Slime:5 Royal Jelly
Orc:1 1 transporter
Depths:1 1 transporter


Innate Abilities, Weirdness & Mutations

You are an undying horror.
Your melee and unarmed attacks drain, slow and weaken victims.
You are immune to unholy pain and torment.
You cannot drink.
You are immune to poison.
You cannot wear most types of armour.
You are amphibious.
You can wear up to eight rings at the same time.
Your skin changes colour to match your surroundings (Stealth+).
Your gelatinous body deflects attacks. (AC +3, EV +3)
((You are camouflaged when in or above water. (Stealth+)))
You have tentacles for arms and can constrict up to eight enemies at once.
You have very sharp teeth.
One of your tentacles bears a nasty spike.
You are partially covered in iridescent scales. (AC +2)
You are very agile. (Dex +8, Str/Int -2)
You are covered in fur. (AC +1)
You are resistant to electric shocks. (rElec)
You have a small jelly attached to you that senses nearby items.
You have a small jelly attached to you that may absorb projectiles.


Message History

You block the Orb Guardian's attack.
Unknown command.
You thrash the Orb Guardian!!!
You kill the Orb Guardian!
Unknown command.
Magic restored.
You see here a +0 sling.
A soul eater comes into view.
Casting: Vhi's Electric Charge (safe; 1% risk of failure)
Confirm with . or Enter, or press ? or * to list all spells.
You feel a surge of power!
Space momentarily warps into an impossible shape!
You thrash the soul eater!!!
The soul eater decays.
Casting: Manifold Assault (safe; 0% risk of failure)
Confirm with . or Enter, or press ? or * to list all spells.
You feel a surge of power!
Space momentarily warps into an impossible shape!
You batter the soul eater!!
You kill the soul eater!
A hell beast comes into view.
Casting: Manifold Assault (safe; 0% risk of failure)
Confirm with . or Enter, or press ? or * to list all spells.
Charge where?
Press: ? - help, Dir - move target, f - hell beast
Aim: a hell beast (wandering, hasn't noticed you, 83% to hit)
You feel a surge of power!
You charge forward with an electric crackle!
You miss the hell beast.
You pierce the hell beast!!
You tentacle-slap the hell beast!! You bite the hell beast!
You squeeze the hell beast!!
The hell beast is almost dead.
You block the hell beast's attack. x2
You closely miss the hell beast.
You pierce the hell beast.
You tentacle-slap the hell beast!
You kill the hell beast!
Unknown command.
There is a staircase leading out of the dungeon here.
You can't go down here!
Unknown command.
You have escaped!

.#########.#.####....####...## #.
...........#...............#####.
##################..#...#........
# ####.###.>...'........ ##
####....# #...###........ .####
##...#...###...# #........ ....##
#.........##...# #........
###..###....##....#...# #........
.##...#...#####.z.#...# #........
...##....## ##...#...# #........
#.........####..####### #########
######....##...## ####.....##
#######


There were no monsters in sight!

Vanquished Creatures
  Cerebov (Pan)
  Antaeus (Coc:7)
  Ereshkigal (Tar:7)
  Mnoleg (Pan)
  Gloorx Vloq (Pan)
  Lom Lobon (Pan)
  the Serpent of Hell (Dis:7)
  Tiamat (Zot:2)
  Dispater (Dis:7)
  10 dread liches
  7 ancient liches
  Mara (Shoals:4)
  3 orbs of fire (Zot:5)
  Mennas (Crypt:2)
  4 juggernauts
  31 royal mummies
  Vv (Crypt:2)
  9 shard shrikes
  Boris (twice) (Depths:4 Vaults:5)
  2 Killer Klowns (Zot:5)
  Bai Suzhen (Snake:3)
  Margery (Crypt:2)
  Geryon (Hell)
  Vashnia (Snake:4)
  19 caustic shrikes
  Nikola (Elf:2)
  A curse toe (Zot:3)
  12 profane servitors
  9 golden dragons
  30 bone dragons
  A pearl dragon (Abyss:4)
  Norris (Vaults:1)
  10 doom hounds
  4 electric golems
  13 Brimstone Fiends
  11 hellephants
  30 Orb Guardians
  11 pandemonium lords (Pan)
  17 Tzitzimimeh
  27 tentacled monstrosities
  Mlioglotl (Snake:1)
  13 iron giants
  18 tainted leviathans
  40 Hell Sentinels
  28 Ice Fiends
  13 titans
  2 shard shrike skeletons
  Grunn (Crypt:2)
  22 liches
  A deep elf master archer (Elf:1)
  4 deep elf blademasters
  Asterion (Elf:2)
  16 sphinxes
  18 searing wretches
  8 quicksilver dragons
  28 Executioners
  2 krakens
  Gastronok (Lair:2)
  26 ancient champions
  14 death cobs
  8 shadow dragons
  58 tentacled starspawn
  Agnes (D:15)
  5 tengu reavers
  6 revenants
  Donald (Crypt:2)
  Roxanne (Snake:1)
  Aizul (Snake:4)
  11 storm dragons
  9 protean progenitors
  14 narguns
  4 draconian knights
  3 fenstrider witches (Pan)
  6 frost giants
  A daeva (Abyss:4)
  17 fire giants
  11 nagarajas
  4 spectral caustic shrikes
  17 demonspawn warmongers
  8 quicksilver elementals
  5 deep elf sorcerers
  7 draconian monks
  17 vault wardens
  3 iron dragons
  6 draconian scorchers
  3 angels
  A spectral juggernaut (Tar:3)
  2 ghost moths (Zot:3)
  6 draconian shifters
  3 imperial myrmidons (Desolation)
  9 shard shrike simulacra
  Louise (D:15)
  5 curse skulls
  26 cacodemons
  2 caustic shrike zombies (Crypt:3)
  3 deep elf elementalists (Elf:3)
  49 balrugs
  4 orc warlords
  3 draconian stormcallers
  38 reapers
  15 demonspawn corrupters
  14 stone giants
  7 ironbound thunderhulks
  24 ironbound preservers
  2 spriggan defenders
  9 draconian annihilators
  9 demonspawn blood saints (Pan)
  46 very ugly things
  3 ghouls
  5 caustic shrike skeletons
  4 starflowers (Abyss:3)
  6 juggernaut skeletons
  22 elemental wellsprings
  4 deep elf demonologists
  An ophan (Abyss:2)
  13 green draconians
  6 black draconians
  9 demonspawn black suns (Pan)
  5 deep elf death magi
  14 bennus
  10 white draconians
  16 wendigos
  Nessos (Orc:2)
  8 dire elephants
  10 lorocyprocas
  6 vampire knights
  8 red draconians
  25 putrid mouths
  11 deep elf annihilators
  7 yellow draconians
  3 halazid warlocks (Desolation)
  36 war gargoyles
  14 purple draconians
  3 spark wasps (Depths:2)
  2 spectral quicksilver dragons
  A bunyip (Abyss:5)
  Snorg (D:14)
  8 merfolk impalers
  11 ettins
  6 crystal guardians
  9 eidola
  3 quicksilver dragon zombies
  6 fire dragons
  26 mummy priests
  2 entropy weavers
  28 green deaths
  13 yaktaur captains
  22 blizzard demons
  14 iron golems
  4 jiangshi
  9 merfolk javelineers
  2 spectral iron giants
  5 ragged hierophants (Desolation)
  11 deep elf high priests
  The ghost of mopl the Cleaver, a journeyman HOFi of Beogh (Orc:1)
  3 quicksilver dragon skeletons
  5 spectral spriggans
  6 hydras
  33 vault guards
  10 rakshasas
  10 caustic shrike simulacra
  18 ice dragons
  A fenstrider witch zombie (Abyss:2)
  3 servants of whispers (Desolation)
  6 ogre magi
  An alligator (Zot:2)
  6 hell beasts
  15 salamander tyrants
  5 merfolk aquamancers
  10 centaur warriors
  10 juggernaut simulacra
  2 jorogumos (Zot:3)
  3 merfolk avatars
  7 ironbound frosthearts
  9 peacekeepers
  7 stokers
  3 spriggan air magi
  An anaconda (shapeshifter) (Abyss:4)
  16 anacondas
  35 dancing weapons
  A death knight (Crypt:1)
  7 two-headed ogres
  A spectral stone giant (Tar:2)
  A spriggan skeleton (Crypt:3)
  8 death yaks
  69 death scarabs
  2 satyrs
  2 fenstrider witch skeletons
  11 tengu warriors
  2 alligator snapping turtles (Shoals:4)
  6 boulder beetles
  8 occultists
  2 titan zombies (Crypt:3)
  11 deep troll shamans
  9 deep troll earth magi
  An azure jelly zombie (Crypt:1)
  39 hell knights
  6 orc high priests
  71 hell hogs
  7 spectral nagas
  21 naga warriors
  6 demonic crawlers
  10 shock serpents
  8 naga sharpshooters
  3 spectral dire elephants
  An emperor scorpion zombie (Crypt:1)
  5 spriggan berserkers
  6 vampire magi
  2 storm dragon zombies
  62 thrashing horrors
  18 deep elf knights
  Sonja (D:11)
  A shock serpent (shapeshifter) (Abyss:3)
  50 soul eaters
  116 sun demons
  4 hellephant skeletons (Pan)
  33 skeletal warriors
  13 crystal echidnas
  22 shadow wraiths
  A golden dragon zombie (Crypt:3)
  9 iron trolls
  2 salamander mystics
  3 titan skeletons
  53 wretched stars
  3 spatial maelstroms (Abyss:4)
  8 skysharks
  6 lindwurms
  10 sea snakes
  A storm dragon skeleton (Crypt:2)
  8 quicksilver dragon simulacra
  30 sixfirhies
  3 spectral anacondas
  12 sun moths (Pan)
  A cherub (Pan)
  6 flayed ghosts
  21 shadow demons
  A deep troll (shapeshifter) (Depths:4)
  9 naga ritualists
  2 obsidian statues
  10 mana vipers
  An anaconda zombie (Abyss:3)
  A spectral hydra (Tar:2)
  2 bunyip zombies
  9 arcanists
  12 deep elf archers
  An orb spider (Abyss:5)
  3 orange crystal statues (Hell)
  71 deep trolls
  19 phantasmal warriors
  An anaconda skeleton (Abyss:1)
  23 harpies
  40 deep elf zephyrmancers
  2 bunyip skeletons (Tomb:2)
  9 spriggan simulacra
  A bog body (Crypt:1)
  26 necromancers
  25 orc knights
  20 ironbound convokers
  28 deep elf pyromancers
  A shadow dragon zombie (Crypt:2)
  8 oklob plants
  A stone giant zombie (Vaults:4)
  A shadow dragon skeleton (Crypt:1)
  An iron dragon zombie (Abyss:5)
  5 orc sorcerers
  A moth of wrath (shapeshifter) (Abyss:3)
  18 worldbinders
  Maurice (D:7)
  51 ugly things
  11 manticores
  4 elephants
  2 meliai (D:10)
  10 cyclopes
  A toenail golem (Pan)
  11 salamanders
  16 vault sentinels
  13 apocalypse crabs
  3 naga zombies
  49 black mambas
  4 merfolk sirens (Shoals:4)
  A meliai (shapeshifter) (Abyss:5)
  15 naga magi
  25 moths of wrath
  20 guardian serpents
  13 molten gargoyles
  12 rust devils
  A fire giant skeleton (Crypt:2)
  A storm dragon simulacrum (Coc:1)
  3 torpor snails (Lair:1)
  5 cane toads
  3 titan simulacra
  A centaur skeleton (Abyss:1)
  An ice statue (IceCv)
  24 orange demons
  4 dire elephant skeletons
  7 water nymphs
  113 smoke demons
  3 kobold demonologists
  17 efreet
  143 large abominations
  A death yak zombie (Crypt:2)
  Jeremiah (D:7)
  2 rime drakes
  13 freezing wraiths
  A komodo dragon (shapeshifter) (D:13)
  46 hellions
  13 unseen horrors
  24 yaktaurs
  9 anaconda simulacra
  A purple draconian skeleton (Crypt:2)
  9 iron giant simulacra
  13 ice devils
  38 ancient zymes
  4 tengu conjurers
  2 bunyip simulacra
  6 komodo dragons
  A silent spectre (Tar:7)
  43 guardian mummies
  3 harpy zombies (Crypt:1)
  4 trolls
  A queen bee (shapeshifter) (Abyss:2)
  45 hellwings
  14 polar bears
  A shadow dragon simulacrum (Hell)
  4 spectral harpies
  A hydra zombie (Crypt:2)
  41 tormentors
  14 red devils
  3 golden dragon simulacra
  5 wind drakes
  7 hornets
  A sea snake skeleton (Crypt:1)
  2 tarantellas (shapeshifter)
  35 merfolk
  42 saltlings
  A hydra skeleton (Crypt:2)
  A snapping turtle (shapeshifter) (Abyss:3)
  7 snapping turtles
  2 harpy skeletons
  A radroach zombie (Crypt:1)
  A raiju (shapeshifter) (D:14)
  105 raiju
  2 ice dragon zombies
  4 dream sheep (Shoals:1)
  A blink frog (shapeshifter) (D:14)
  26 blink frogs
  6 iron dragon simulacra
  3 stone giant simulacra
  4 spriggan zombies
  An ettin zombie (Abyss:2)
  5 shadows
  2 culicivoras (Vaults:3)
  79 small abominations
  6 fire dragon skeletons (Crypt:1)
  3 spriggans (shapeshifter)
  38 yaks
  An air elemental (Elf:1)
  20 water elementals
  12 wraiths
  A centaur simulacrum (Coc:2)
  80 ynoxinuls
  6 fire bats
  6 spriggans
  6 wyverns
  10 ushabtiu
  12 dire elephant simulacra
  A hog (shapeshifter) (Abyss:1)
  4 vampires
  12 basilisks
  225 starcursed masses
  63 neqoxecs
  An unseen horror simulacrum (D:9)
  2 fire elementals
  An alligator snapping turtle simulacrum (Coc:2)
  A black mamba skeleton (Abyss:2)
  A glowing shapeshifter zombie (Vaults:4)
  10 vampire mosquitoes
  8 wargs
  Menkaure (D:3)
  21 harpy simulacra
  65 chaos spawn
  43 nagas
  A cane toad zombie (Crypt:1)
  6 spatial vortices (Abyss:4)
  2 hydra simulacra
  13 water moccasins
  A merfolk skeleton (Crypt:2)
  2 naga skeletons
  A water nymph skeleton (Crypt:1)
  Duvessa (D:6)
  5 hell hounds (Abyss:1)
  3 sky beasts (Abyss:1)
  2 ice beasts
  2 meliai simulacra
  46 orc warriors
  A black bear (Depths:3)
  3 demonspawn skeletons
  117 laughing skulls
  9 ettin simulacra
  8 ogres
  18 wolves
  8 centaurs
  A swamp dragon skeleton (Crypt:2)
  A phantom (D:4)
  An elephant skeleton (Crypt:1)
  3 kobold brigands
  A hog skeleton (Crypt:2)
  11 weeping skulls
  8 brain worms
  9 bullfrogs
  A gnoll sergeant (D:9)
  3 scorpions
  7 naga simulacra
  3 necrophages (Crypt:3)
  6 earth elementals
  A human skeleton (Vaults:4)
  25 wights
  Dowan (D:6)
  A troll zombie (Crypt:2)
  A raiju zombie (Crypt:1)
  A killer bee (D:10)
  4 howler monkeys
  8 electric eels
  2 crimson imps
  2 lava snakes (Lair:3)
  14 quasits
  A gnoll bouda (D:5)
  A bombardier beetle (Depths:3)
  2 jellies
  27 orc priests
  4 hounds
  14 iron imps
  3 sleepcaps
  2 iguanas
  Jessica (D:3)
  22 orc wizards
  7 hell rats (D:8)
  A hound skeleton (D:3)
  40 mummies
  10 gnolls
  A howler monkey skeleton (Crypt:1)
  3 river rats (D:8)
  4 adders
  3 shadow imps
  2 howler monkey simulacra (D:9)
  21 white imps
  21 ufetubi
  2 ribbon worms
  3 dart slugs
  58 orcs
  11 ball pythons
  An endoplasm (D:2)
  6 giant cockroaches
  15 goblins
  10 hobgoblins
  6 jackals
  10 quokkas
  6 bats
  4 frilled lizards
  9 kobolds
  An orc skeleton (Crypt:2)
  23 rats
  8 aspiring fleshes
  10 creeping infernos
  15 fire vortices
  12 lurking horrors
  12 starspawn tentacles
  3 tentacles (Abyss:3)
5605 creatures vanquished.

Vanquished Creatures (collateral kills)
  Asmodeus (Geh:7)
  A lich (Vaults:1)
  Jorgrun (D:15)
  An ironbound thunderhulk (Vaults:3)
  An orc warlord (Bailey)
  A deep elf high priest (Vaults:1)
  A satyr (Shoals:3)
  2 death yaks (IceCv)
  A vampire mage (D:15)
  A storm dragon zombie (D:15)
  A skeletal warrior (D:15)
  A shadow demon (Pan)
  An arcanist (Vaults:1)
  A lindwurm (Lair:4)
  A cane toad (Lair:4)
  A gargoyle (D:13)
  2 yaktaurs (Vaults:3)
  2 komodo dragons (Lair:1)
  A tormentor (Pan)
  2 guardian mummies (Tomb:3)
  A merfolk (Shoals:3)
  A yak (D:8)
  6 orc warriors (Bailey)
  4 wights (D:6)
  2 gnolls (Bailey)
  An ufetubus (D:6)
  3 orcs (Bailey)
  3 goblins (Bailey)
  4 hobgoblins (Bailey)
49 creatures vanquished.

Vanquished Creatures (others)
  An Ice Fiend (Pan)
  A balrug (Geh:1)
  2 azure jellies
  A cacodemon (Pan)
  2 ironbound preservers (Vaults:2)
  A demonspawn black sun (Pan)
  An elemental wellspring (Coc:7)
  A merfolk impaler (Shoals:4)
  A yaktaur captain (Vaults:2)
  A caustic shrike simulacrum (Coc:7)
  16 great orbs of eyes
  A vault guard (Vaults:5)
  A centaur warrior (Vaults:3)
  A dancing weapon (Elf:2)
  An orc high priest (Orc:2)
  An anaconda zombie (Hell)
  A quicksilver dragon simulacrum (Coc:2)
  2 deep trolls
  An orb spider (shapeshifter) (Elf:1)
  A shadow demon (Pan)
  12 glowing orange brains
  An arcanist (Vaults:3)
  A deep elf pyromancer (D:14)
  2 ironbound convokers (Vaults:3)
  A naga ritualist (Snake:4)
  2 necromancers
  An orc knight (Orc:2)
  2 deep elf zephyrmancers
  An ugly thing (D:13)
  A cyclops (D:13)
  2 shining eyes (Abyss:4)
  2 smoke demons (Pan)
  2 human skeletons (Vaults:4)
  An eye of devastation (Pan)
  An orange demon (Abyss:1)
  An unseen horror (D:11)
  4 yaktaurs
  An ancient zyme (Abyss:2)
  A bunyip simulacrum (Coc:1)
  2 golden dragon simulacra
  An anaconda simulacrum (Coc:5)
  A merfolk (Shoals:3)
  A troll (shapeshifter) (Depths:3)
  28 slime creatures
  3 glass eyes
  A raiju (shapeshifter) (Vaults:5)
  2 stone giant simulacra
  A wyvern (Lair:3)
  A naga simulacrum (Coc:7)
  4 ynoxinuls
  17 golden eyes
  2 neqoxecs (Pan)
  A chaos spawn (Abyss:4)
  A harpy simulacrum (Coc:3)
  A glowing shapeshifter skeleton (Vaults:4)
  A water moccasin (Lair:2)
  A sky beast (shapeshifter) (Abyss:2)
  3 orc warriors
  A laughing skull (Crypt:2)
  A boggart (Abyss:3)
  A centaur (D:14)
  A wolf (IceCv)
  A crocodile (shapeshifter) (Abyss:5)
  A human zombie (Vaults:4)
  A weeping skull (Abyss:5)
  A kobold brigand (D:6)
  2 small abominations
  A scorpion (D:6)
  3 wights
  3 killer bees (D:9)
  2 howler monkeys
  A lava snake (Lair:3)
  6 orc priests
  746 jellies
  A starcursed mass (Abyss:1)
  A sleepcap (D:5)
  4 orc wizards
  A mummy (Tomb:1)
  2 adders
  A shadow imp (Abyss:1)
  2 white imps (D:9)
  3 ufetubi
  2 endoplasms (Abyss:3)
  19 orcs
  2 ball pythons
  2 goblins
  2 hobgoblins
  6 kobolds (D:6)
  A creeping inferno (Geh:6)
  6 lurking horrors
  81 starspawn tentacles
  16 tentacles
1073 creatures vanquished.

Grand Total: 6727 creatures vanquished

Notes
Turn   | Place    | Note
-------+----------+-------------------------------------------
     0 | D:1      | Stirner the Octopode Shapeshifter began the quest for the
                  | Orb.
     0 | D:1      | Reached XP level 1. HP: 13/13 MP: 1/1
   130 | D:1      | Reached skill level 1 in Stealth
   157 | D:1      | Reached XP level 2. HP: 18/18 MP: 2/2
   764 | D:1      | Reached XP level 3. HP: 22/23 MP: 3/3
  1193 | D:2      | Found a faded altar of an unknown god.
  1416 | D:2      | Reached XP level 4. HP: 28/28 MP: 4/4
  1698 | D:2      | Prayed at the altar of an unknown god.
  1698 | D:2      | Became a worshipper of Jiyva Jafahug the Shapeless
  1698 | D:2      | Reached * piety under Jiyva
  1730 | D:3      | Noticed Jessica
  1769 | D:3      | Found a sacrificial altar of Ru.
  1855 | D:3      | Killed Jessica
  1864 | D:3      | Identified the +1 sling of the Lurker {freeze, Int+2}
  1869 | D:3      | Found a transporter.
  1870 | D:3      | Found an ancient bone altar of Kikubaaqudgha.
  1872 | D:3      | Noticed Menkaure
  1874 | D:3      | Found a basalt altar of Yredelemnul.
  1902 | D:3      | Found a transporter.
  1940 | D:3      | Reached ** piety under Jiyva
  2315 | D:3      | Reached XP level 5. HP: 33/33 MP: 5/5
  2358 | D:3      | Reached *** piety under Jiyva
  2387 | D:3      | Found a glowing silver altar of Zin.
  2573 | D:4      | Reached skill level 5 in Shapeshifting
  2598 | D:4      | Gained mutation: You are somewhat resistant to further
                  | mutation. [Jiyva's grace]
  2598 | D:4      | Gained mutation: You are somewhat resistant to both further
                  | mutation and mutation removal. [Jiyva's grace]
  2598 | D:4      | Gained mutation: You are almost entirely resistant to
                  | further mutation and mutation removal. [Jiyva's grace]
  2598 | D:4      | Gained mutation: You are covered in fur. (AC +1) [Jiyva's
                  | grace]
  2771 | D:4      | Noticed an ogre
  2786 | D:4      | Killed an ogre
  2787 | D:4      | Reached XP level 6. HP: 38/38 MP: 6/6
  2963 | D:4      | Reached **** piety under Jiyva
  3340 | D:5      | Entered Level 5 of the Dungeon
  3350 | D:5      | Reached XP level 7. HP: 41/43 MP: 7/7
  3953 | D:5      | Found a staircase to the Ecumenical Temple.
  4133 | D:5      | Reached skill level 5 in Unarmed Combat
  4336 | D:6      | Noticed Duvessa
  4336 | D:6      | Noticed Dowan
  4386 | D:6      | Reached ***** piety under Jiyva
  4432 | D:6      | Reached XP level 8. HP: 48/48 MP: 8/8
  4474 | D:6      | Gained mutation: You expend magic power (3 MP) to
                  | strengthen your wands. [Jiyva's grace]
  4474 | D:6      | Gained mutation: Armour fits poorly on your pseudopods.
                  | [Jiyva's grace]
  4474 | D:6      | Gained mutation: Armour fits poorly on your large
                  | pseudopods. [Jiyva's grace]
  4474 | D:6      | Gained mutation: Armour fits poorly on your massive
                  | pseudopods. [Jiyva's grace]
  4762 | D:6      | Killed Duvessa
  4787 | D:6      | Killed Dowan
  4813 | D:6      | Reached skill level 5 in Stealth
  5108 | D:7      | Reached XP level 9. HP: 52/56 MP: 9/9
  5228 | D:7      | Found Fufoib's Assorted Antiques.
  5369 | D:7      | Found a flagged portal.
  5381 | Bailey   | Entered a bailey
  5519 | Bailey   | Reached skill level 5 in Fighting
  5583 | Bailey   | Noticed an orc warlord
  5596 | Bailey   | Killed an orc warlord
  5597 | Bailey   | Reached XP level 10. HP: 39/68 MP: 8/10
  5598 | Bailey   | Reached skill level 10 in Unarmed Combat
  5615 | Bailey   | Identified the +5 shortbow "Vucko" {flame, rN+ Will+ Int+4}
  5625 | Bailey   | Acquired the ring "Ofebe" {rC+ rN+ AC+4}
  5628 | Bailey   | Acquired 946 gold pieces
  5638 | Bailey   | Identified the +1 sling of Remah {freeze, rElec rPois rF+}
  5944 | D:7      | Noticed Maurice
  5975 | D:7      | Maurice stole 170 gold
  5977 | D:7      | Killed Maurice
  6000 | D:7      | Noticed Jeremiah
  6030 | D:7      | Killed Jeremiah
  6306 | D:8      | Lost mutation: You expend magic power (3 MP) to strengthen
                  | your wands. [Jiyva's grace]
  6306 | D:8      | Gained mutation: You have acidic saliva. [Jiyva's grace]
  6306 | D:8      | Gained mutation: You are partially covered in iridescent
                  | scales. (AC +2) [Jiyva's grace]
  6306 | D:8      | Gained mutation: You are mostly covered in iridescent
                  | scales. (AC +4) [Jiyva's grace]
  6306 | D:8      | Gained mutation: You are completely covered in iridescent
                  | scales. (AC +6) [Jiyva's grace]
  6670 | D:8      | Identified the +1 robe of Com Cof {rC+ Archmagi}
  6749 | D:8      | Reached ****** piety under Jiyva
  6749 | D:8      | Noticed a death yak
  6899 | D:8      | Found an iron altar of Okawaru.
  7005 | D:8      | Found a staircase to the Lair.
  7005 | D:8      | Noticed a death yak
  7032 | D:8      | Killed a death yak
  7033 | D:8      | Reached XP level 11. HP: 68/77 MP: 11/11
  7067 | D:8      | Noticed a death yak
  7068 | D:8      | Noticed a death yak
  7083 | D:8      | Killed a death yak
  7086 | D:8      | Noticed a death yak
  7098 | D:8      | Killed a death yak
  7099 | D:8      | Reached skill level 10 in Stealth
  7100 | D:8      | Killed a death yak
  7101 | D:8      | Killed a death yak
  7339 | D:3      | Killed Menkaure
  7388 | D:3      | Identified the +0 ring mail of Ashenzari's Grace {Int+3}
  7700 | D:9      | Found an ornate altar of the Wu Jian Council.
  7833 | D:9      | Found a hide-covered altar of Uskayaw.
  7873 | D:9      | Reached skill level 10 in Shapeshifting
  7900 | D:9      | Found a staircase to the Orcish Mines.
  8284 | D:9      | Lost mutation: You are completely covered in iridescent
                  | scales. (AC +6) [Jiyva's grace]
  8284 | D:9      | Lost mutation: Armour fits poorly on your massive
                  | pseudopods. [Jiyva's grace]
  8284 | D:9      | Gained mutation: You passively dampen the noise of your
                  | surroundings. [Jiyva's grace]
  8284 | D:9      | Gained mutation: Your melee attacks may engulf your foes in
                  | ooze. [Jiyva's grace]
  8284 | D:9      | Gained mutation: You have a small jelly attached to you
                  | that may absorb projectiles. [Jiyva's grace]
  8284 | D:9      | Gained mutation: You are completely covered in iridescent
                  | scales. (AC +6) [Jiyva's grace]
  8547 | D:9      | Found a bloodstained altar of Trog.
  8821 | D:10     | Entered Level 10 of the Dungeon
  8840 | D:10     | Noticed a two-headed ogre
  9013 | D:10     | Noticed a cyclops
  9014 | D:10     | Noticed an orc knight
  9019 | D:10     | Noticed a boulder beetle
  9021 | D:10     | Reached skill level 5 in Dodging
  9025 | D:10     | Killed a cyclops
  9026 | D:10     | Reached XP level 12. HP: 58/82 MP: 12/12
  9043 | D:10     | Killed a boulder beetle
  9058 | D:10     | Noticed a centaur warrior
  9094 | D:10     | Killed a centaur warrior
  9190 | D:10     | Noticed a four-headed hydra
  9208 | D:10     | Killed a four-headed hydra
  9281 | D:10     | Killed a two-headed ogre
  9501 | D:10     | Found a snail-covered altar of Cheibriados.
  9528 | D:10     | Found a broken altar of Ashenzari.
  9614 | D:10     | Found a glowing golden altar of the Shining One.
  9623 | D:10     | Found a blossoming altar of Fedhas.
  9718 | D:10     | Found a hazy altar of Hepliaklqana.
  9744 | D:10     | Found a broken altar of Ashenzari.
  9946 | D:11     | Reached skill level 10 in Fighting
 10147 | D:11     | Noticed a centaur warrior
 10152 | D:11     | Killed a centaur warrior
 10394 | D:11     | Noticed Sonja
 10406 | D:11     | Killed Sonja
 10663 | Lair:1   | Entered Level 1 of the Lair of Beasts
 10742 | Lair:1   | Lost mutation: You are completely covered in iridescent
                  | scales. (AC +6) [Jiyva's grace]
 10742 | Lair:1   | Lost mutation: You are almost entirely resistant to further
                  | mutation and mutation removal. [Jiyva's grace]
 10742 | Lair:1   | Lost mutation: You are covered in fur. (AC +1) [Jiyva's
                  | grace]
 10742 | Lair:1   | Gained mutation: You possess an exceptional clarity of
                  | mind. [Jiyva's grace]
 10742 | Lair:1   | Gained mutation: Armour fits poorly on your massive
                  | pseudopods. [Jiyva's grace]
 10742 | Lair:1   | Gained mutation: You have a pair of small antennae on your
                  | head. [Jiyva's grace]
 10742 | Lair:1   | Gained mutation: You have a pair of antennae on your head.
                  | [Jiyva's grace]
 10750 | Lair:1   | Reached XP level 13. HP: 92/92 MP: 13/13
 10750 | Lair:1   | Found a snail-covered altar of Cheibriados.
 11513 | Lair:2   | Identified the +7 dagger "Myes" {flame, *Rage rElec MP+9}
 11557 | Lair:2   | Found the +5 robe of Misfortune {Harm *Corrode *Slow EV+5}
 11582 | Lair:2   | You fall into a shaft and drop 1 floor!
 11613 | Lair:3   | Found a frozen archway.
 11635 | IceCv    | Entered an ice cave
 12356 | Lair:3   | Lost mutation: You have acidic saliva. [Jiyva's grace]
 12356 | Lair:3   | Lost mutation: Armour fits poorly on your massive
                  | pseudopods. [Jiyva's grace]
 12356 | Lair:3   | Gained mutation: You are completely covered in iridescent
                  | scales. (AC +6) [Jiyva's grace]
 12356 | Lair:3   | Gained mutation: Your muscles are strong. (Str +4, Int/Dex
                  | -1) [Jiyva's grace]
 12356 | Lair:3   | Gained mutation: Your muscles are very strong. (Str +8,
                  | Int/Dex -2) [Jiyva's grace]
 12356 | Lair:3   | Gained mutation: You have a small jelly attached to you
                  | that senses nearby items. [Jiyva's grace]
 12504 | Lair:3   | Found a staircase to the Shoals.
 13207 | Lair:2   | Reached XP level 14. HP: 73/99 MP: 14/14
 13271 | Lair:2   | Identified the +6 quarterstaff of Jobbusot {drain, *Corrode
                  | ^Fragile rElec rC+++}
 13409 | Lair:2   | Found a staircase to the Snake Pit.
 13446 | Lair:2   | Noticed Gastronok
 13464 | Lair:2   | Killed Gastronok
 14119 | Lair:4   | Reached skill level 10 in Dodging
 14137 | Lair:4   | Found a staircase to the Slime Pits.
 14137 | Lair:4   | Found a viscous altar of Jiyva.
 14202 | Lair:4   | Identified the +7 dagger of Res Ipsa Loquitur {heavy, rPois
                  | rF++ Int+3 Dex+3}
 14535 | Lair:5   | Entered Level 5 of the Lair of Beasts
 14535 | Lair:5   | Lost mutation: You are completely covered in iridescent
                  | scales. (AC +6) [Jiyva's grace]
 14535 | Lair:5   | Lost mutation: You have a small jelly attached to you that
                  | may absorb projectiles. [Jiyva's grace]
 14535 | Lair:5   | Lost mutation: You passively dampen the noise of your
                  | surroundings. [Jiyva's grace]
 14535 | Lair:5   | Gained mutation: You have a pair of large antennae on your
                  | head. (SInv) [Jiyva's grace]
 14535 | Lair:5   | Gained mutation: Your spells are a little harder to cast,
                  | but a little more powerful. [Jiyva's grace]
 14535 | Lair:5   | Gained mutation: Your spells are harder to cast, but more
                  | powerful. [Jiyva's grace]
 14535 | Lair:5   | Gained mutation: Your spells are much harder to cast, but
                  | much more powerful. [Jiyva's grace]
 15376 | Lair:5   | Identified the +6 halberd of Qeynloat {antimagic, Str+2}
 15481 | Lair:5   | Reached XP level 15. HP: 98/108 MP: 15/15
 15540 | Lair:5   | Found a corrupted altar of Lugonu.
 15540 | Lair:5   | Found a one-way gate to the infinite horrors of the Abyss.
 15844 | Slime:1  | Entered Level 1 of the Pits of Slime
 15846 | Slime:1  | Noticed a rockslime
 15880 | Slime:1  | Noticed an acid blob
 15953 | Slime:1  | Noticed an acid blob
 16190 | Slime:2  | Noticed an azure jelly
 16206 | Slime:2  | Noticed a rockslime
 16221 | Slime:2  | Noticed a rockslime
 16465 | Slime:2  | Noticed an acid blob
 16532 | Slime:3  | Noticed an acid blob
 16535 | Slime:3  | Noticed an acid blob
 16565 | Slime:3  | Noticed an acid blob
 16574 | Slime:3  | Noticed an azure jelly
 16615 | Slime:3  | Noticed an acid blob
 16621 | Slime:3  | Noticed Dissolution
 16681 | Slime:3  | Noticed an acid blob
 16785 | Slime:3  | Noticed an acid blob
 16785 | Slime:3  | Noticed an acid blob
 16871 | Slime:4  | Noticed a rockslime
 16931 | Slime:4  | Noticed an azure jelly
 17085 | Slime:5  | Entered Level 5 of the Pits of Slime
 17135 | Slime:5  | Noticed an acid blob
 17146 | Slime:5  | Noticed an acid blob
 17154 | Slime:5  | Noticed the Royal Jelly
 17155 | Slime:5  | Noticed an acid blob
 17157 | Slime:5  | Found a viscous altar of Jiyva.
 17158 | Slime:5  | Noticed an acid blob
 17159 | Slime:5  | Noticed an acid blob
 17167 | Slime:5  | Identified the +3 leather armour of Gozag's Righteous Fury
                  | {rElec Str+3 Dex-3 SInv}
 17168 | Slime:5  | Identified the +1 battleaxe of Makhleb's Regard {freeze,
                  | rElec rCorr Int-5 Dex+2}
 17172 | Slime:5  | Identified the +9 spear of Fate {flame, *Slow +Blink MP-9
                  | Int+9}
 17182 | Slime:5  | Found the +0 pair of fencer's gloves {Riposte Dex+3}
 17191 | Slime:5  | Identified the +4 morningstar "Fiuphi" {speed, Will+}
 17195 | Slime:5  | Identified the +1 war axe of Divine Trial by Ordeal
                  | {freeze, rC+ rN+ Str-2}
 17208 | Slime:5  | Noticed a rockslime
 17212 | Slime:5  | Identified the staff "Epaczaap" {rPois rCorr Conj}
 17214 | Slime:5  | Identified the +2 sling "Gusk" {freeze, rF++ Int+3 SInv}
 17226 | Slime:5  | Noticed an acid blob
 17233 | Slime:5  | Noticed a rockslime
 17258 | Slime:5  | Noticed an azure jelly
 17264 | Slime:5  | Noticed an azure jelly
 17308 | Slime:5  | Noticed an acid blob
 17315 | Slime:5  | Noticed a rockslime
 17487 | Slime:5  | Noticed a rockslime
 17569 | Slime:5  | Got a slimy rune of Zot
 17573 | Slime:5  | Got the Handbook of Ashes
 17581 | Slime:5  | Noticed an azure jelly
 17608 | Slime:5  | Noticed an acid blob
 18173 | Orc:1    | Entered Level 1 of the Orcish Mines
 18300 | Orc:1    | Found a transporter.
 18303 | Orc:1    | Found a transporter.
 18399 | Orc:1    | Found a runed translucent door.
 18400 | Orc:1    | Noticed mopl's ghost (journeyman HOFi)
 18411 | Orc:1    | Killed mopl's ghost
 18412 | Orc:1    | Reached skill level 1 in Evocations
 18422 | Orc:1    | Identified the +11 mace of Painted Innocence {drain, Str+3}
 18454 | Orc:1    | Paralysed by an orc sorcerer for 3 turns
 18684 | Orc:2    | Entered Level 2 of the Orcish Mines
 18814 | Orc:2    | Lost mutation: You have a pair of large antennae on your
                  | head. (SInv) [Jiyva's grace]
 18814 | Orc:2    | Lost mutation: Your spells are much harder to cast, but
                  | much more powerful. [Jiyva's grace]
 18814 | Orc:2    | Lost mutation: Your spells are harder to cast, but more
                  | powerful. [Jiyva's grace]
 18814 | Orc:2    | Lost mutation: Your spells are a little harder to cast, but
                  | a little more powerful. [Jiyva's grace]
 18814 | Orc:2    | Lost mutation: Armour fits poorly on your large pseudopods.
                  | [Jiyva's grace]
 18814 | Orc:2    | Lost mutation: You have a small jelly attached to you that
                  | senses nearby items. [Jiyva's grace]
 18814 | Orc:2    | Gained mutation: You expend magic power (3 MP) to
                  | strengthen your wands. [Jiyva's grace]
 18814 | Orc:2    | Gained mutation: Your spells are a little harder to cast,
                  | but a little more powerful. [Jiyva's grace]
 18814 | Orc:2    | Gained mutation: Your spells are harder to cast, but more
                  | powerful. [Jiyva's grace]
 18814 | Orc:2    | Gained mutation: Your spells are much harder to cast, but
                  | much more powerful. [Jiyva's grace]
 18962 | Orc:2    | Noticed Nessos
 18976 | Orc:2    | Killed Nessos
 19253 | Orc:2    | Found a staircase to the Elven Halls.
 19445 | Orc:2    | Reached skill level 15 in Unarmed Combat
 19530 | Orc:2    | Reached skill level 5 in Evocations
 19731 | Orc:2    | Found Etizxicex's Assorted Antiques.
 19731 | Orc:2    | Found Pijolagh's Assorted Antiques.
 19732 | Orc:2    | Found Vyloc's Distillery.
 19732 | Orc:2    | Found Egehiw's Magic Scroll Boutique.
 19741 | Orc:2    | Bought a scroll of identify for 32 gold pieces
 19741 | Orc:2    | Bought a scroll of teleportation for 48 gold pieces
 19741 | Orc:2    | Bought a scroll of identify for 32 gold pieces
 19741 | Orc:2    | Bought a scroll of teleportation for 48 gold pieces
 19741 | Orc:2    | Bought a scroll of identify for 32 gold pieces
 19746 | Orc:2    | Bought 2 potions of attraction for 96 gold pieces
 19746 | Orc:2    | Bought a potion of berserk rage for 80 gold pieces
 19746 | Orc:2    | Bought a potion of brilliance for 64 gold pieces
 19746 | Orc:2    | Bought a potion of enlightenment for 80 gold pieces
 19746 | Orc:2    | Bought 2 potions of berserk rage for 160 gold pieces
 19749 | Orc:2    | Bought a glowing fluorescent wand for 88 gold pieces
 19754 | Orc:2    | Bought a scroll of enchant weapon for 120 gold pieces
 19754 | Orc:2    | Bought a scroll of poison for 64 gold pieces
 19929 | Orc:2    | Bought a potion of heal wounds for 80 gold pieces
 19929 | Orc:2    | Bought a potion of curing for 48 gold pieces
 19929 | Orc:2    | Bought a potion of heal wounds for 80 gold pieces
 20778 | D:12     | Found a portal to a secret trove of treasure.
 20840 | D:12     | Lost mutation: You are mostly covered in iridescent scales.
                  | (AC +4) [Jiyva's grace]
 20840 | D:12     | Lost mutation: You are somewhat resistant to both further
                  | mutation and mutation removal. [Jiyva's grace]
 20840 | D:12     | Lost mutation: Your muscles are very strong. (Str +8,
                  | Int/Dex -2) [Jiyva's grace]
 20840 | D:12     | Lost mutation: Armour fits poorly on your pseudopods.
                  | [Jiyva's grace]
 20840 | D:12     | Lost mutation: Your melee attacks may engulf your foes in
                  | ooze. [Jiyva's grace]
 20840 | D:12     | Gained mutation: You passively map a small area around you.
                  | [Jiyva's grace]
 20840 | D:12     | Gained mutation: You passively map the area around you.
                  | [Jiyva's grace]
 20840 | D:12     | Gained mutation: You passively map a large area around you.
                  | [Jiyva's grace]
 20840 | D:12     | Gained mutation: You are strong-willed. (Will+) [Jiyva's
                  | grace]
 21256 | D:13     | Found a stormy altar of Qazlal.
 21283 | D:13     | Found Tethrant's Book Boutique.
 21288 | D:13     | Bought a book of Battle for 364 gold pieces
 21295 | D:13     | Learned a level 4 spell: Manifold Assault
 21521 | D:13     | Reached skill level 1 in Translocations
 21574 | D:13     | Reached skill level 1 in Spellcasting
 21996 | D:13     | Found a gate to the Vaults.
 22407 | D:14     | Reached XP level 16. HP: 114/114 MP: 15/19
 22477 | D:14     | Noticed Snorg
 22490 | D:14     | Killed Snorg
 23119 | D:15     | Entered Level 15 of the Dungeon
 23120 | D:15     | Noticed Louise
 23131 | D:15     | Noticed Agnes
 23141 | D:15     | Killed Agnes
 23155 | D:15     | Found a staircase to the Depths.
 23213 | D:15     | Reached skill level 5 in Translocations
 23278 | D:15     | Lost mutation: You passively map a large area around you.
                  | [Jiyva's grace]
 23278 | D:15     | Lost mutation: Your spells are much harder to cast, but
                  | much more powerful. [Jiyva's grace]
 23278 | D:15     | Gained mutation: You are covered in slimy tendrils that may
                  | disarm your opponents. [Jiyva's grace]
 23278 | D:15     | Gained mutation: You are agile. (Dex +4, Str/Int -1)
                  | [Jiyva's grace]
 23278 | D:15     | Gained mutation: You are very agile. (Dex +8, Str/Int -2)
                  | [Jiyva's grace]
 23278 | D:15     | Gained mutation: Your natural rate of healing is unusually
                  | fast. [Jiyva's grace]
 23416 | D:15     | Noticed Jorgrun
 23446 | D:15     | Killed Jorgrun
 23900 | D:15     | Killed Louise
 24302 | Shoals:1 | Entered Level 1 of the Shoals
 25033 | Shoals:2 | Found Enuq's Magic Scroll Boutique.
 25067 | Shoals:2 | Bought a scroll of teleportation for 54 gold pieces
 25067 | Shoals:2 | Bought a scroll of blinking for 135 gold pieces
 25067 | Shoals:2 | Bought a scroll of identify for 36 gold pieces
 25106 | Shoals:2 | Reached skill level 5 in Spellcasting
 25638 | Shoals:2 | Reached skill level 10 in Translocations
 25768 | Shoals:3 | Lost mutation: Your muscles are strong. (Str +4, Int/Dex
                  | -1) [Jiyva's grace]
 25768 | Shoals:3 | Lost mutation: You are covered in slimy tendrils that may
                  | disarm your opponents. [Jiyva's grace]
 25768 | Shoals:3 | Gained mutation: You are mostly covered in iridescent
                  | scales. (AC +4) [Jiyva's grace]
 25768 | Shoals:3 | Gained mutation: You are completely covered in iridescent
                  | scales. (AC +6) [Jiyva's grace]
 25768 | Shoals:3 | Gained mutation: Your pliable body absorbs attacks. (AC +2,
                  | EV +2) [Jiyva's grace]
 25768 | Shoals:3 | Gained mutation: Your gelatinous body deflects attacks. (AC
                  | +3, EV +3) [Jiyva's grace]
 25775 | Shoals:3 | Noticed a kraken
 25971 | Shoals:3 | Reached XP level 17. HP: 116/119 MP: 11/25
 26026 | Shoals:3 | Killed a kraken
 26711 | Shoals:4 | Entered Level 4 of the Shoals
 26969 | Shoals:4 | Found Woenk's Weapon Emporium.
 27102 | Shoals:4 | Noticed Mara
 27260 | Shoals:4 | Killed Mara
 27366 | Shoals:4 | Got a barnacled rune of Zot
 28681 | Snake:1  | Entered Level 1 of the Snake Pit
 28855 | Snake:1  | Noticed Roxanne
 28876 | Snake:1  | Noticed Mlioglotl
 29005 | Snake:1  | Reached XP level 18. HP: 125/126 MP: 30/30
 29031 | Snake:1  | Lost mutation: You have a pair of antennae on your head.
                  | [Jiyva's grace]
 29031 | Snake:1  | Lost mutation: You are completely covered in iridescent
                  | scales. (AC +6) [Jiyva's grace]
 29031 | Snake:1  | Lost mutation: You are very agile. (Dex +8, Str/Int -2)
                  | [Jiyva's grace]
 29031 | Snake:1  | Lost mutation: You are strong-willed. (Will+) [Jiyva's
                  | grace]
 29031 | Snake:1  | Gained mutation: Your system is resistant to poisons.
                  | (rPois) [Jiyva's grace]
 29031 | Snake:1  | Gained mutation: You are robust. (+10% HP) [Jiyva's grace]
 29031 | Snake:1  | Gained mutation: You are very robust. (+20% HP) [Jiyva's
                  | grace]
 29031 | Snake:1  | Gained mutation: You are extremely robust. (+30% HP)
                  | [Jiyva's grace]
 29116 | Snake:1  | Killed Mlioglotl
 29194 | Snake:1  | Killed Roxanne
 30734 | Snake:3  | Found the ring of the Mage {Wiz Archmagi}
 30755 | Snake:3  | Learned a level 2 spell: Blink
 30832 | Snake:3  | Lost mutation: You have a pair of small antennae on your
                  | head. [Jiyva's grace]
 30832 | Snake:3  | Lost mutation: You are somewhat resistant to further
                  | mutation. [Jiyva's grace]
 30832 | Snake:3  | Lost mutation: Your gelatinous body deflects attacks. (AC
                  | +3, EV +3) [Jiyva's grace]
 30832 | Snake:3  | Gained mutation: You have a small jelly attached to you
                  | that may absorb projectiles. [Jiyva's grace]
 30832 | Snake:3  | Gained mutation: You have supernaturally acute eyesight.
                  | (SInv) [Jiyva's grace]
 30832 | Snake:3  | Gained mutation: Your body has grown eyes which may confuse
                  | attackers. (Acc +3) [Jiyva's grace]
 30832 | Snake:3  | Gained mutation: Your body has grown many eyes which may
                  | confuse attackers. (Acc +5) [Jiyva's grace]
 30951 | Snake:3  | Noticed Bai Suzhen
 30981 | Snake:3  | Killed Bai Suzhen
 31545 | Snake:3  | Found Ankumuv's General Store.
 31549 | Snake:3  | Bought a scroll of blinking for 120 gold pieces
 31549 | Snake:3  | Bought a scroll of teleportation for 48 gold pieces
 31549 | Snake:3  | Bought a scroll of identify for 32 gold pieces
 31549 | Snake:3  | Bought a scroll of identify for 32 gold pieces
 31557 | Snake:3  | Bought a potion of magic for 128 gold pieces
 31952 | Snake:4  | Entered Level 4 of the Snake Pit
 31952 | Snake:4  | Found a huge runed translucent gate.
 31952 | Snake:4  | Found a huge runed translucent gate.
 31952 | Snake:4  | Found a huge runed translucent gate.
 31967 | Snake:4  | Reached skill level 1 in Shields
 32093 | Snake:4  | Reached XP level 19. HP: 164/174 MP: 30/32
 32137 | Snake:4  | Reached skill level 5 in Shields
 32139 | Snake:4  | Identified the serpent talisman of Midnight {rElec rC++ rN+
                  | Stlth-}
 32139 | Snake:4  | Noticed Aizul
 32139 | Snake:4  | Noticed Vashnia
 32156 | Snake:4  | Killed Vashnia
 32161 | Snake:4  | Reached skill level 15 in Shapeshifting
 32166 | Snake:4  | Killed Aizul
 32220 | Snake:4  | Got a serpentine rune of Zot
 32610 | Snake:4  | Found a huge runed translucent gate.
 32610 | Snake:4  | Found a huge runed translucent gate.
 32741 | Snake:4  | Lost mutation: You are mostly covered in iridescent scales.
                  | (AC +4) [Jiyva's grace]
 32741 | Snake:4  | Lost mutation: You possess an exceptional clarity of mind.
                  | [Jiyva's grace]
 32741 | Snake:4  | Lost mutation: You are extremely robust. (+30% HP) [Jiyva's
                  | grace]
 32741 | Snake:4  | Lost mutation: Your pliable body absorbs attacks. (AC +2,
                  | EV +2) [Jiyva's grace]
 32741 | Snake:4  | Lost mutation: You expend magic power (3 MP) to strengthen
                  | your wands. [Jiyva's grace]
 32741 | Snake:4  | Gained mutation: Your muscles are strong. (Str +4, Int/Dex
                  | -1) [Jiyva's grace]
 32741 | Snake:4  | Gained mutation: Your muscles are very strong. (Str +8,
                  | Int/Dex -2) [Jiyva's grace]
 32741 | Snake:4  | Gained mutation: Armour fits poorly on your pseudopods.
                  | [Jiyva's grace]
 32741 | Snake:4  | Gained mutation: Armour fits poorly on your large
                  | pseudopods. [Jiyva's grace]
 33203 | Vaults:1 | Entered Level 1 of the Vaults
 33222 | Vaults:1 | Got the Atlas of the Summer
 33260 | Vaults:1 | Found Isanoom's Weapon Shoppe.
 33335 | Vaults:1 | Got the Elucidation of Lightning
 33367 | Vaults:1 | Got the Directory of the Non-Euclidean Torch
 33784 | Vaults:1 | Found Umuufiyd's Weapon Emporium.
 33898 | Vaults:1 | Noticed Norris
 33908 | Vaults:1 | Reached skill level 10 in Shields
 33908 | Vaults:1 | Killed Norris
 33991 | Vaults:1 | Reached XP level 20. HP: 168/168 MP: 21/33
 34304 | Vaults:2 | Reached skill level 15 in Shields
 34465 | Vaults:2 | Found a staircase to the Crypt.
 34992 | Vaults:3 | Lost mutation: You have supernaturally acute eyesight.
                  | (SInv) [Jiyva's grace]
 34992 | Vaults:3 | Lost mutation: Your system is resistant to poisons. (rPois)
                  | [Jiyva's grace]
 34992 | Vaults:3 | Lost mutation: You are very robust. (+20% HP) [Jiyva's
                  | grace]
 34992 | Vaults:3 | Lost mutation: Your spells are harder to cast, but more
                  | powerful. [Jiyva's grace]
 34992 | Vaults:3 | Gained mutation: You heal very quickly. [Jiyva's grace]
 34992 | Vaults:3 | Gained mutation: You regenerate. [Jiyva's grace]
 34992 | Vaults:3 | Gained mutation: Your melee attacks may engulf your foes in
                  | ooze. [Jiyva's grace]
 34992 | Vaults:3 | Gained mutation: Your body is covered in eyes which may
                  | confuse attackers. (Acc +7, SInv) [Jiyva's grace]
 35841 | Vaults:3 | Reached XP level 21. HP: 129/159 MP: 19/34
 36681 | Vaults:4 | Lost mutation: You are agile. (Dex +4, Str/Int -1) [Jiyva's
                  | grace]
 36681 | Vaults:4 | Lost mutation: You passively map the area around you.
                  | [Jiyva's grace]
 36681 | Vaults:4 | Lost mutation: Armour fits poorly on your large pseudopods.
                  | [Jiyva's grace]
 36681 | Vaults:4 | Gained mutation: You are covered in slimy tendrils that may
                  | disarm your opponents. [Jiyva's grace]
 36681 | Vaults:4 | Gained mutation: Your pliable body absorbs attacks. (AC +2,
                  | EV +2) [Jiyva's grace]
 36681 | Vaults:4 | Gained mutation: Your gelatinous body deflects attacks. (AC
                  | +3, EV +3) [Jiyva's grace]
 36681 | Vaults:4 | Gained mutation: You are strong-willed. (Will+) [Jiyva's
                  | grace]
 37328 | Crypt:1  | Entered Level 1 of the Crypt
 38054 | Crypt:1  | Noticed a bone dragon
 38068 | Crypt:1  | Killed a bone dragon
 38070 | Crypt:1  | Found the +0 mask of the Dragon {Will+ Slay+3 SInv}
 38164 | Crypt:1  | Identified the +5 rapier "Jytouxom" {spect, +Blink Str-3
                  | Int+3}
 38239 | Crypt:2  | Reached XP level 22. HP: 170/170 MP: 26/35
 38268 | Crypt:2  | Reached skill level 15 in Fighting
 38317 | Crypt:2  | Noticed Donald
 38322 | Crypt:2  | Killed Donald
 38376 | Crypt:2  | Lost mutation: You are strong-willed. (Will+) [Jiyva's
                  | grace]
 38376 | Crypt:2  | Lost mutation: You regenerate. [Jiyva's grace]
 38376 | Crypt:2  | Lost mutation: You heal very quickly. [Jiyva's grace]
 38376 | Crypt:2  | Lost mutation: Your muscles are very strong. (Str +8,
                  | Int/Dex -2) [Jiyva's grace]
 38376 | Crypt:2  | Lost mutation: Your body is covered in eyes which may
                  | confuse attackers. (Acc +7, SInv) [Jiyva's grace]
 38376 | Crypt:2  | Lost mutation: Your gelatinous body deflects attacks. (AC
                  | +3, EV +3) [Jiyva's grace]
 38376 | Crypt:2  | Lost mutation: You are covered in slimy tendrils that may
                  | disarm your opponents. [Jiyva's grace]
 38376 | Crypt:2  | Gained mutation: You are very robust. (+20% HP) [Jiyva's
                  | grace]
 38376 | Crypt:2  | Gained mutation: You are extremely robust. (+30% HP)
                  | [Jiyva's grace]
 38376 | Crypt:2  | Gained mutation: Your mind is acute. (Int +4, Str/Dex -1)
                  | [Jiyva's grace]
 38376 | Crypt:2  | Gained mutation: Your mind is very acute. (Int +8, Str/Dex
                  | -2) [Jiyva's grace]
 38384 | Crypt:2  | Noticed Vv
 38396 | Crypt:2  | Noticed Grunn
 38401 | Crypt:2  | Killed Vv
 38412 | Crypt:2  | Killed Grunn
 38492 | Crypt:2  | Noticed Mennas
 38499 | Crypt:2  | Killed Mennas
 38756 | Crypt:2  | Noticed Margery
 38767 | Crypt:2  | Killed Margery
 38768 | Crypt:2  | Reached skill level 10 in Evocations
 38955 | Crypt:3  | Entered Level 3 of the Crypt
 39097 | Crypt:3  | Got the Elucidation of the Autopsy and Creation
 39276 | Crypt:3  | Noticed a dread lich
 39282 | Crypt:3  | Killed a dread lich
 39443 | Crypt:3  | Identified the staff "Quyh" {rN+ Int+2 Necro}
 39796 | Crypt:3  | Found a basalt altar of Yredelemnul.
 39925 | Crypt:3  | Found a staircase to the Tomb.
 39954 | Tomb:1   | Entered Level 1 of the Tomb of the Ancients
 40044 | Tomb:1   | Reached XP level 23. HP: 214/214 MP: 1/36
 40097 | Tomb:1   | Lost mutation: You are partially covered in iridescent
                  | scales. (AC +2) [Jiyva's grace]
 40097 | Tomb:1   | Lost mutation: Your body has grown many eyes which may
                  | confuse attackers. (Acc +5) [Jiyva's grace]
 40097 | Tomb:1   | Lost mutation: You have a small jelly attached to you that
                  | may absorb projectiles. [Jiyva's grace]
 40097 | Tomb:1   | Gained mutation: One of your tentacles bears a spike.
                  | [Jiyva's grace]
 40097 | Tomb:1   | Gained mutation: One of your tentacles bears a nasty spike.
                  | [Jiyva's grace]
 40097 | Tomb:1   | Gained mutation: One of your tentacles bears a large
                  | vicious spike. [Jiyva's grace]
 40097 | Tomb:1   | Gained mutation: Your muscles are very strong. (Str +8,
                  | Int/Dex -2) [Jiyva's grace]
 40278 | Tomb:1   | Noticed a royal mummy
 40283 | Tomb:1   | Killed a royal mummy
 41330 | Elf:1    | Entered Level 1 of the Elven Halls
 41343 | Elf:1    | Found a radiant altar of Vehumet.
 41355 | Elf:1    | Reached skill level 10 in Spellcasting
 41519 | Elf:1    | Found a huge runed translucent gate.
 41519 | Elf:1    | Found a huge runed translucent gate.
 41520 | Elf:1    | Found a huge runed translucent gate.
 41520 | Elf:1    | Found a huge runed translucent gate.
 41520 | Elf:1    | Found a huge runed translucent gate.
 41521 | Elf:1    | Found a huge runed translucent gate.
 41521 | Elf:1    | Found a huge runed translucent gate.
 41521 | Elf:1    | Found a huge runed translucent gate.
 41523 | Elf:1    | Found a huge runed translucent gate.
 41523 | Elf:1    | Found a huge runed translucent gate.
 41523 | Elf:1    | Found a huge runed translucent gate.
 41524 | Elf:1    | Found a huge runed translucent gate.
 41524 | Elf:1    | Found a huge runed translucent gate.
 41524 | Elf:1    | Found a huge runed translucent gate.
 41524 | Elf:1    | Found a huge runed translucent gate.
 41525 | Elf:1    | Found a huge runed translucent gate.
 41525 | Elf:1    | Found a huge runed translucent gate.
 41525 | Elf:1    | Found a huge runed translucent gate.
 41525 | Elf:1    | Found a huge runed translucent gate.
 41525 | Elf:1    | Found a huge runed translucent gate.
 41670 | Elf:1    | Found a crumbling gateway.
 41675 | Desolati | Entered the Desolation of Salt
 41848 | Desolati | Got the Almanac of the Glacier
 41952 | Desolati | Got the Meditations on Familiar Graupel
 42082 | Desolati | Lost mutation: Your mind is very acute. (Int +8, Str/Dex
                  | -2) [Jiyva's grace]
 42082 | Desolati | Lost mutation: Your mind is acute. (Int +4, Str/Dex -1)
                  | [Jiyva's grace]
 42082 | Desolati | Lost mutation: You are extremely robust. (+30% HP) [Jiyva's
                  | grace]
 42082 | Desolati | Lost mutation: Your muscles are very strong. (Str +8,
                  | Int/Dex -2) [Jiyva's grace]
 42082 | Desolati | Gained mutation: You have acidic saliva. [Jiyva's grace]
 42082 | Desolati | Gained mutation: You are agile. (Dex +4, Str/Int -1)
                  | [Jiyva's grace]
 42082 | Desolati | Gained mutation: You are very agile. (Dex +8, Str/Int -2)
                  | [Jiyva's grace]
 42082 | Desolati | Gained mutation: Your gelatinous body deflects attacks. (AC
                  | +3, EV +3) [Jiyva's grace]
 42144 | Desolati | Got the Precepts of Shifting
 42167 | Desolati | Learned a level 2 spell: Lesser Beckoning
 42752 | Elf:2    | Noticed Asterion
 42758 | Elf:2    | Killed Asterion
 42877 | Elf:2    | Found a runed translucent gate.
 42878 | Elf:2    | Found a runed translucent gate.
 42878 | Elf:2    | Found a runed translucent gate.
 42978 | Elf:2    | Noticed Nikola
 42987 | Elf:2    | Killed Nikola
 43011 | Elf:2    | Reached XP level 24. HP: 205/205 MP: 8/37
 43512 | Elf:3    | Entered Level 3 of the Elven Halls
 43635 | Elf:3    | Lost mutation: One of your tentacles bears a large vicious
                  | spike. [Jiyva's grace]
 43635 | Elf:3    | Lost mutation: One of your tentacles bears a nasty spike.
                  | [Jiyva's grace]
 43635 | Elf:3    | Lost mutation: You are very robust. (+20% HP) [Jiyva's
                  | grace]
 43635 | Elf:3    | Lost mutation: Your melee attacks may engulf your foes in
                  | ooze. [Jiyva's grace]
 43635 | Elf:3    | Gained mutation: Your mind is acute. (Int +4, Str/Dex -1)
                  | [Jiyva's grace]
 43635 | Elf:3    | Gained mutation: Your mind is very acute. (Int +8, Str/Dex
                  | -2) [Jiyva's grace]
 43635 | Elf:3    | Gained mutation: You are partially covered in iridescent
                  | scales. (AC +2) [Jiyva's grace]
 43635 | Elf:3    | Gained mutation: You are mostly covered in iridescent
                  | scales. (AC +4) [Jiyva's grace]
 43740 | Elf:3    | Identified the +4 chain mail of the Sunfish {Regen+}
 43815 | Elf:3    | Got the Folio of Immolation
 43849 | Elf:3    | Identified the +4 hand axe of Meyt {heavy, ^Drain rElec
                  | Will++ Stlth+}
 43852 | Elf:3    | Identified the staff "Balorch" {^Drain rElec rN+++ Str-5
                  | Hexes Air}
 43866 | Elf:3    | Identified the +6 orcbow of Exceptional Purpose {drain,
                  | Int+3}
 43869 | Elf:3    | Identified the ring of Goit {rC+ Str+3 Stlth+}
 43874 | Elf:3    | Identified the +6 shortbow of Zybeprev {freeze, rElec MP+9}
 43887 | Elf:3    | Identified the +6 rapier of the Cup {speed, rN+ Int+2
                  | Dex-3}
 44678 | Depths:1 | Entered Level 1 of the Depths
 44977 | Depths:1 | Found Toxkipos's Assorted Antiques.
 45038 | Depths:1 | Reached skill level 15 in Stealth
 45077 | Depths:1 | Found a gateway to Hell.
 45242 | Depths:1 | Found a transporter.
 45251 | Depths:1 | Found a transporter.
 45267 | Depths:1 | Found a transporter.
 45681 | Depths:1 | Found a transporter.
 45804 | D:12     | You paid a toll of a +6 demon trident to enter a treasure
                  | trove
 45805 | Trove    | Entered a treasure trove
 45824 | Trove    | Got Sif Muna's Atlas of Liminal Kinetic Energy
 45832 | Trove    | Got Sif Muna's Handbook of the Arsenical Lithosphere
 45845 | Trove    | Got Sif Muna's Vellum of Battling
 45865 | Trove    | Got the Disquisition on Conflict and Malisons
 45906 | D:12     | Upgraded the game from 0.31.0-11-ge490571c62 to
                  | 0.31.0-12-g77e489cdc1
 46011 | Depths:2 | Lost mutation: One of your tentacles bears a spike.
                  | [Jiyva's grace]
 46011 | Depths:2 | Gained mutation: You have hidden genetic potential.
                  | [Jiyva's grace]
 46011 | Depths:2 | Gained mutation: You have great hidden genetic potential.
                  | [Jiyva's grace]
 46011 | Depths:2 | Gained mutation: Your body has grown many eyes which may
                  | confuse attackers. (Acc +5) [Jiyva's grace]
 46011 | Depths:2 | Gained mutation: Your body is covered in eyes which may
                  | confuse attackers. (Acc +7, SInv) [Jiyva's grace]
 46228 | Depths:2 | Reached skill level 15 in Dodging
 46260 | Depths:2 | Reached XP level 25. HP: 194/194 MP: 37/37
 46267 | Depths:2 | Found a one-way gate leading to the halls of Pandemonium.
 46333 | Depths:2 | Found a runed translucent gate.
 46333 | Depths:2 | Found a runed translucent gate.
 46333 | Depths:2 | Found a runed translucent gate.
 46366 | Depths:2 | Found a runed translucent gate.
 46366 | Depths:2 | Found a runed translucent gate.
 46366 | Depths:2 | Found a runed translucent gate.
 46374 | Depths:2 | Got Guocoefa's Spellbook of Thrice Damned Blessings
 46445 | Depths:2 | Found a one-way gateway to a ziggurat.
 46678 | Depths:2 | Identified the +10 hand axe "Ziferua" {spect, Dex+5}
 46792 | Depths:3 | Found a sparkling altar of Nemelex Xobeh.
 46901 | Depths:3 | Found a corrupted altar of Lugonu.
 47515 | Depths:4 | Entered Level 4 of the Depths
 47570 | Depths:4 | Noticed a juggernaut
 47578 | Depths:4 | Killed a juggernaut
 47743 | Depths:4 | Found a gate to the Realm of Zot.
 47802 | Depths:4 | Noticed a juggernaut
 47808 | Depths:4 | Killed a juggernaut
 47933 | Depths:4 | Found a radiant altar of Vehumet.
 47960 | Depths:4 | Lost mutation: You are mostly covered in iridescent scales.
                  | (AC +4) [Jiyva's grace]
 47960 | Depths:4 | Lost mutation: Your mind is very acute. (Int +8, Str/Dex
                  | -2) [Jiyva's grace]
 47960 | Depths:4 | Lost mutation: Your body is covered in eyes which may
                  | confuse attackers. (Acc +7, SInv) [Jiyva's grace]
 47960 | Depths:4 | Lost mutation: Your gelatinous body deflects attacks. (AC
                  | +3, EV +3) [Jiyva's grace]
 47960 | Depths:4 | Lost mutation: You have great hidden genetic potential.
                  | [Jiyva's grace]
 47960 | Depths:4 | Lost mutation: You have hidden genetic potential. [Jiyva's
                  | grace]
 47960 | Depths:4 | Gained mutation: You are mostly covered in iridescent
                  | scales. (AC +4) [Jiyva's grace]
 47960 | Depths:4 | Gained mutation: You are completely covered in iridescent
                  | scales. (AC +6) [Jiyva's grace]
 47960 | Depths:4 | Gained mutation: Armour fits poorly on your large
                  | pseudopods. [Jiyva's grace]
 47960 | Depths:4 | Gained mutation: Armour fits poorly on your massive
                  | pseudopods. [Jiyva's grace]
 48057 | Depths:4 | Noticed Boris
 48062 | Depths:4 | Killed Boris
 48583 | Hell     | Entered the Vestibule of Hell
 48583 | Hell     | Noticed Geryon
 48792 | Depths:3 | Reached XP level 26. HP: 203/203 MP: 37/37
 49043 | Hell     | Killed Geryon
 49078 | Hell     | Found a gateway to the freezing wastes of Cocytus.
 49178 | Hell     | Found a gateway to the decaying netherworld of Tartarus.
 49299 | Hell     | Found a gateway to the ashen valley of Gehenna.
 49369 | Hell     | Found a gateway to the Iron City of Dis.
 49532 | Zot:1    | Entered Level 1 of the Realm of Zot
 50127 | Zot:2    | Lost mutation: You passively map a small area around you.
                  | [Jiyva's grace]
 50127 | Zot:2    | Lost mutation: Armour fits poorly on your massive
                  | pseudopods. [Jiyva's grace]
 50127 | Zot:2    | Gained mutation: Armour fits poorly on your massive
                  | pseudopods. [Jiyva's grace]
 50127 | Zot:2    | Gained mutation: You are covered in fur. (AC +1) [Jiyva's
                  | grace]
 50127 | Zot:2    | Gained mutation: You are covered in thick fur. (AC +2)
                  | [Jiyva's grace]
 50127 | Zot:2    | Gained mutation: Your thick and shaggy fur keeps you warm.
                  | (AC +3, rC+) [Jiyva's grace]
 50211 | Zot:2    | Found the +4 dragonskin cloak
 50211 | Zot:2    | Noticed Tiamat
 50273 | Zot:2    | Killed Tiamat
 50297 | Zot:2    | You fall into a shaft and drop 2 floors!
 50405 | Zot:3    | Reached XP level 27. HP: 212/214 MP: 12/37
 50452 | Zot:3    | Gained mutation: You are occasionally teleported next to
                  | monsters. [mutagenic glow]
 50463 | Zot:3    | Lost mutation: You are robust. (+10% HP) [mutagenic glow]
 52036 | Zot:4    | Lost mutation: You are completely covered in iridescent
                  | scales. (AC +6) [Jiyva's grace]
 52036 | Zot:4    | Lost mutation: Your thick and shaggy fur keeps you warm.
                  | (AC +3, rC+) [Jiyva's grace]
 52036 | Zot:4    | Lost mutation: You are covered in thick fur. (AC +2)
                  | [Jiyva's grace]
 52036 | Zot:4    | Lost mutation: You are occasionally teleported next to
                  | monsters. [Jiyva's grace]
 52036 | Zot:4    | Lost mutation: Your spells are a little harder to cast, but
                  | a little more powerful. [Jiyva's grace]
 52036 | Zot:4    | Lost mutation: You have acidic saliva. [Jiyva's grace]
 52036 | Zot:4    | Lost mutation: Your body has grown many eyes which may
                  | confuse attackers. (Acc +5) [Jiyva's grace]
 52036 | Zot:4    | Lost mutation: Armour fits poorly on your massive
                  | pseudopods. [Jiyva's grace]
 52036 | Zot:4    | Gained mutation: Your body has grown many eyes which may
                  | confuse attackers. (Acc +5) [Jiyva's grace]
 52036 | Zot:4    | Gained mutation: Your body is covered in eyes which may
                  | confuse attackers. (Acc +7, SInv) [Jiyva's grace]
 52036 | Zot:4    | Gained mutation: Your mind is very acute. (Int +8, Str/Dex
                  | -2) [Jiyva's grace]
 52036 | Zot:4    | Gained mutation: Your flesh is heat resistant. (rF+)
                  | [Jiyva's grace]
 52431 | Zot:5    | Entered Level 5 of the Realm of Zot
 52530 | Zot:5    | Noticed an orb of fire
 52533 | Zot:5    | Reached skill level 15 in Evocations
 52537 | Zot:5    | Killed an orb of fire
 52540 | Zot:5    | Found Fodang's CLEARANCE SALE!.
 52552 | Zot:5    | Bought a potion of curing for 12 gold pieces
 52552 | Zot:5    | Bought 2 potions of might for 32 gold pieces
 52803 | Zot:5    | Noticed an ancient lich
 52805 | Zot:5    | Killed an ancient lich
 52829 | Zot:5    | Noticed a dread lich
 52834 | Zot:5    | Killed a dread lich
 52928 | Zot:5    | Noticed an ancient lich
 52931 | Zot:5    | Noticed an ancient lich
 52936 | Zot:5    | Killed an ancient lich
 52939 | Zot:5    | Noticed an orb of fire
 52940 | Zot:5    | Killed an ancient lich
 52948 | Zot:5    | Gained mutation: You are frail. (-10% HP) [an orb of fire]
 52954 | Zot:5    | Lost mutation: You are very agile. (Dex +8, Str/Int -2) [an
                  | orb of fire]
 52956 | Zot:5    | Killed an orb of fire
 52960 | Zot:5    | Noticed a dread lich
 52965 | Zot:5    | Killed a dread lich
 53121 | Zot:5    | Noticed an orb of fire
 53123 | Zot:5    | Noticed a dread lich
 53123 | Zot:5    | Gained mutation: You occasionally lose the ability to drink
                  | potions when taking damage. [an orb of fire]
 53125 | Zot:5    | Gained mutation: Your body sometimes deteriorates upon
                  | taking damage. [an orb of fire]
 53126 | Zot:5    | Noticed an ancient lich
 53126 | Zot:5    | Gained mutation: Your body often deteriorates upon taking
                  | damage. [an orb of fire]
 53126 | Zot:5    | Noticed a dread lich
 53130 | Zot:5    | Gained mutation: Your spells are a little easier to cast,
                  | but a little less powerful. [an orb of fire]
 53132 | Zot:5    | Noticed a dread lich
 53134 | Zot:5    | Gained mutation: You sometimes lose the ability to drink
                  | potions when taking damage. [an orb of fire]
 53135 | Zot:5    | Gained mutation: Your magical capacity is low. (-10% MP)
                  | [an orb of fire]
 53263 | Zot:5    | Lost mutation: You are agile. (Dex +4, Str/Int -1) [an orb
                  | of fire]
 53268 | Zot:5    | Gained mutation: You are very frail. (-20% HP) [an orb of
                  | fire]
 53269 | Zot:5    | Killed an orb of fire
 53274 | Zot:5    | Killed a dread lich
 53307 | Zot:5    | Killed a dread lich
 53334 | Zot:5    | Killed a dread lich
 53344 | Zot:5    | Killed an ancient lich
 53691 | Depths:3 | Voluntarily entered the Abyss.
 53847 | Abyss:1  | Lost mutation: You are mostly covered in iridescent scales.
                  | (AC +4) [Jiyva's grace]
 53847 | Abyss:1  | Lost mutation: Your body often deteriorates upon taking
                  | damage. [Jiyva's grace]
 53847 | Abyss:1  | Lost mutation: You are very frail. (-20% HP) [Jiyva's
                  | grace]
 53847 | Abyss:1  | Lost mutation: Your magical capacity is low. (-10% MP)
                  | [Jiyva's grace]
 53847 | Abyss:1  | Lost mutation: Your natural rate of healing is unusually
                  | fast. [Jiyva's grace]
 53847 | Abyss:1  | Lost mutation: Your spells are a little easier to cast, but
                  | a little less powerful. [Jiyva's grace]
 53847 | Abyss:1  | Gained mutation: You have a small jelly attached to you
                  | that may absorb projectiles. [Jiyva's grace]
 53847 | Abyss:1  | Gained mutation: You have acidic saliva. [Jiyva's grace]
 53847 | Abyss:1  | Gained mutation: You are resistant to electric shocks.
                  | (rElec) [Jiyva's grace]
 53847 | Abyss:1  | Gained mutation: You possess an exceptional clarity of
                  | mind. [Jiyva's grace]
 53932 | Abyss:1  | Noticed a dread lich
 53939 | Abyss:1  | Killed a dread lich
 54007 | Abyss:1  | Gained mutation: You are very frail. (-20% HP) [a neqoxec]
 54179 | Abyss:1  | Found a corrupted altar of Lugonu.
 54181 | Abyss:1  | Found a corrupted altar of Lugonu.
 54181 | Abyss:1  | Found a corrupted altar of Lugonu.
 54366 | Abyss:1  | Reached skill level 15 in Translocations
 54390 | Abyss:1  | Found a corrupted altar of Lugonu.
 54537 | Abyss:1  | Found a corrupted altar of Lugonu.
 54622 | Abyss:1  | Found a corrupted altar of Lugonu.
 54635 | Abyss:1  | Found a corrupted altar of Lugonu.
 54636 | Abyss:1  | Lost mutation: You are resistant to electric shocks.
                  | (rElec) [Jiyva's grace]
 54636 | Abyss:1  | Lost mutation: You have acidic saliva. [Jiyva's grace]
 54636 | Abyss:1  | Lost mutation: Armour fits poorly on your large pseudopods.
                  | [Jiyva's grace]
 54636 | Abyss:1  | Lost mutation: You sometimes lose the ability to drink
                  | potions when taking damage. [Jiyva's grace]
 54636 | Abyss:1  | Gained mutation: Your spells are a little harder to cast,
                  | but a little more powerful. [Jiyva's grace]
 54636 | Abyss:1  | Gained mutation: Your spells are harder to cast, but more
                  | powerful. [Jiyva's grace]
 54636 | Abyss:1  | Gained mutation: Your spells are much harder to cast, but
                  | much more powerful. [Jiyva's grace]
 54636 | Abyss:1  | Gained mutation: You expend magic power (3 MP) to
                  | strengthen your wands. [Jiyva's grace]
 54646 | Abyss:1  | Found a corrupted altar of Lugonu.
 54646 | Abyss:1  | Found a corrupted altar of Lugonu.
 54655 | Abyss:1  | Lost mutation: Your spells are much harder to cast, but
                  | much more powerful. [potion of mutation]
 54655 | Abyss:1  | Lost mutation: You are covered in fur. (AC +1) [potion of
                  | mutation]
 54655 | Abyss:1  | Lost mutation: You occasionally lose the ability to drink
                  | potions when taking damage. [potion of mutation]
 55042 | Abyss:1  | Found a hazy altar of Hepliaklqana.
 55057 | Abyss:1  | Found a hazy altar of Hepliaklqana.
 55057 | Abyss:1  | Found a hazy altar of Hepliaklqana.
 55169 | Abyss:1  | Found a corrupted altar of Lugonu.
 55174 | Abyss:1  | Found a corrupted altar of Lugonu.
 55174 | Abyss:1  | Found a corrupted altar of Lugonu.
 55185 | Abyss:1  | Found a corrupted altar of Lugonu.
 55285 | Abyss:1  | Lost mutation: You are very frail. (-20% HP) [Jiyva's
                  | grace]
 55285 | Abyss:1  | Lost mutation: Armour fits poorly on your pseudopods.
                  | [Jiyva's grace]
 55285 | Abyss:1  | Lost mutation: You expend magic power (3 MP) to strengthen
                  | your wands. [Jiyva's grace]
 55285 | Abyss:1  | Gained mutation: Your spells are much harder to cast, but
                  | much more powerful. [Jiyva's grace]
 55285 | Abyss:1  | Gained mutation: You are covered in slimy tendrils that may
                  | disarm your opponents. [Jiyva's grace]
 55285 | Abyss:1  | Gained mutation: You are strong-willed. (Will+) [Jiyva's
                  | grace]
 55285 | Abyss:1  | Gained mutation: You are highly strong-willed. (Will++)
                  | [Jiyva's grace]
 55288 | Abyss:1  | Found a corrupted altar of Lugonu.
 55445 | Abyss:1  | Found a corrupted altar of Lugonu.
 55533 | Abyss:1  | Found a corrupted altar of Lugonu.
 55538 | Abyss:1  | Found a corrupted altar of Lugonu.
 55538 | Abyss:1  | Found a corrupted altar of Lugonu.
 55967 | Abyss:2  | Found a corrupted altar of Lugonu.
 55992 | Abyss:2  | Lost mutation: You are highly strong-willed. (Will++)
                  | [Jiyva's grace]
 55992 | Abyss:2  | Lost mutation: Your spells are much harder to cast, but
                  | much more powerful. [Jiyva's grace]
 55992 | Abyss:2  | Lost mutation: Your spells are harder to cast, but more
                  | powerful. [Jiyva's grace]
 55992 | Abyss:2  | Lost mutation: You are covered in slimy tendrils that may
                  | disarm your opponents. [Jiyva's grace]
 55992 | Abyss:2  | Gained mutation: Your spells are harder to cast, but more
                  | powerful. [Jiyva's grace]
 55992 | Abyss:2  | Gained mutation: Your spells are much harder to cast, but
                  | much more powerful. [Jiyva's grace]
 55992 | Abyss:2  | Gained mutation: You have acidic saliva. [Jiyva's grace]
 55992 | Abyss:2  | Gained mutation: One of your tentacles bears a spike.
                  | [Jiyva's grace]
 56712 | Abyss:2  | Lost mutation: One of your tentacles bears a spike.
                  | [Jiyva's grace]
 56712 | Abyss:2  | Lost mutation: You possess an exceptional clarity of mind.
                  | [Jiyva's grace]
 56712 | Abyss:2  | Lost mutation: Your body sometimes deteriorates upon taking
                  | damage. [Jiyva's grace]
 56712 | Abyss:2  | Lost mutation: Your muscles are strong. (Str +4, Int/Dex
                  | -1) [Jiyva's grace]
 56712 | Abyss:2  | Lost mutation: Your spells are much harder to cast, but
                  | much more powerful. [Jiyva's grace]
 56712 | Abyss:2  | Lost mutation: Your pliable body absorbs attacks. (AC +2,
                  | EV +2) [Jiyva's grace]
 56712 | Abyss:2  | Lost mutation: You have a small jelly attached to you that
                  | may absorb projectiles. [Jiyva's grace]
 56712 | Abyss:2  | Gained mutation: You have hidden genetic potential.
                  | [Jiyva's grace]
 56712 | Abyss:2  | Gained mutation: You have great hidden genetic potential.
                  | [Jiyva's grace]
 56712 | Abyss:2  | Gained mutation: You have a small jelly attached to you
                  | that may absorb projectiles. [Jiyva's grace]
 56712 | Abyss:2  | Lost mutation: You have great hidden genetic potential.
                  | [Jiyva's grace]
 56712 | Abyss:2  | Lost mutation: You have hidden genetic potential. [Jiyva's
                  | grace]
 56712 | Abyss:2  | Gained mutation: You are somewhat resistant to further
                  | mutation. [Jiyva's grace]
 56814 | Abyss:2  | Found a corrupted altar of Lugonu.
 56820 | Abyss:2  | Found a corrupted altar of Lugonu.
 56820 | Abyss:2  | Found a corrupted altar of Lugonu.
 56864 | Abyss:2  | Found a corrupted altar of Lugonu.
 56868 | Abyss:2  | Found a corrupted altar of Lugonu.
 56868 | Abyss:2  | Found a corrupted altar of Lugonu.
 56966 | Abyss:2  | Reached skill level 15 in Spellcasting
 56990 | Abyss:2  | Found a corrupted altar of Lugonu.
 57018 | Abyss:2  | Found a corrupted altar of Lugonu.
 57203 | Abyss:3  | Paralysed by accursed screaming for 1 turns
 57206 | Abyss:3  | Paralysed by accursed screaming for 2 turns
 57216 | Abyss:3  | Paralysed by accursed screaming for 2 turns
 57252 | Abyss:3  | Got an abyssal rune of Zot
 57388 | Abyss:3  | Found a corrupted altar of Lugonu.
 57587 | Abyss:3  | Lost mutation: You are partially covered in iridescent
                  | scales. (AC +2) [Jiyva's grace]
 57587 | Abyss:3  | Lost mutation: Your mind is very acute. (Int +8, Str/Dex
                  | -2) [Jiyva's grace]
 57587 | Abyss:3  | Lost mutation: Your mind is acute. (Int +4, Str/Dex -1)
                  | [Jiyva's grace]
 57587 | Abyss:3  | Lost mutation: You are frail. (-10% HP) [Jiyva's grace]
 57587 | Abyss:3  | Lost mutation: Your spells are harder to cast, but more
                  | powerful. [Jiyva's grace]
 57587 | Abyss:3  | Gained mutation: One of your tentacles bears a spike.
                  | [Jiyva's grace]
 57587 | Abyss:3  | Gained mutation: One of your tentacles bears a nasty spike.
                  | [Jiyva's grace]
 57587 | Abyss:3  | Gained mutation: One of your tentacles bears a large
                  | vicious spike. [Jiyva's grace]
 57587 | Abyss:3  | Gained mutation: You expend magic power (3 MP) to
                  | strengthen your wands. [Jiyva's grace]
 57627 | Abyss:3  | Noticed a dread lich
 57628 | Abyss:3  | Killed a dread lich
 58227 | Abyss:3  | Lost mutation: One of your tentacles bears a large vicious
                  | spike. [Jiyva's grace]
 58227 | Abyss:3  | Lost mutation: Your body is covered in eyes which may
                  | confuse attackers. (Acc +7, SInv) [Jiyva's grace]
 58227 | Abyss:3  | Lost mutation: You are somewhat resistant to further
                  | mutation. [Jiyva's grace]
 58227 | Abyss:3  | Gained mutation: You have hidden genetic potential.
                  | [Jiyva's grace]
 58227 | Abyss:3  | Gained mutation: You have great hidden genetic potential.
                  | [Jiyva's grace]
 58227 | Abyss:3  | Gained mutation: Your natural rate of healing is unusually
                  | fast. [Jiyva's grace]
 58227 | Abyss:3  | Gained mutation: You heal very quickly. [Jiyva's grace]
 58322 | Abyss:4  | Found a corrupted altar of Lugonu.
 58634 | Abyss:4  | Found a corrupted altar of Lugonu.
 58788 | Abyss:4  | Found a corrupted altar of Lugonu.
 58817 | Abyss:4  | Found a corrupted altar of Lugonu.
 58942 | Abyss:4  | Found a corrupted altar of Lugonu.
 59112 | Abyss:4  | Noticed an ancient lich
 59114 | Abyss:4  | Noticed an ancient lich
 59116 | Abyss:4  | Killed an ancient lich
 59121 | Abyss:4  | Killed an ancient lich
 59257 | Abyss:4  | Found a corrupted altar of Lugonu.
 59353 | Abyss:4  | Lost mutation: Your flesh is heat resistant. (rF+) [Jiyva's
                  | grace]
 59353 | Abyss:4  | Lost mutation: Your spells are a little harder to cast, but
                  | a little more powerful. [Jiyva's grace]
 59353 | Abyss:4  | Lost mutation: Your body has grown many eyes which may
                  | confuse attackers. (Acc +5) [Jiyva's grace]
 59353 | Abyss:4  | Lost mutation: Your body has grown eyes which may confuse
                  | attackers. (Acc +3) [Jiyva's grace]
 59353 | Abyss:4  | Lost mutation: You have a small jelly attached to you that
                  | may absorb projectiles. [Jiyva's grace]
 59353 | Abyss:4  | Gained mutation: You are agile. (Dex +4, Str/Int -1)
                  | [Jiyva's grace]
 59353 | Abyss:4  | Gained mutation: You are very agile. (Dex +8, Str/Int -2)
                  | [Jiyva's grace]
 59353 | Abyss:4  | Gained mutation: Your flesh is cold resistant. (rC+)
                  | [Jiyva's grace]
 59353 | Abyss:4  | Gained mutation: Your flesh is very cold resistant. (rC++)
                  | [Jiyva's grace]
 59525 | Abyss:4  | Gained mutation: Your flesh is heat resistant. (rF+)
                  | [hidden potential]
 59526 | Abyss:4  | Found a glowing golden altar of the Shining One.
 59530 | Abyss:4  | Found a glowing golden altar of the Shining One.
 59539 | Abyss:4  | Learned a level 4 spell: Vhi's Electric Charge
 59546 | Abyss:4  | Learned a level 6 spell: Dispersal
 59547 | Abyss:4  | Found a glowing golden altar of the Shining One.
 59569 | Abyss:4  | Reached skill level 1 in Air Magic
 59623 | Abyss:4  | Found a blossoming altar of Fedhas.
 59652 | Abyss:5  | Found a burning altar of Makhleb.
 59830 | Abyss:5  | Noticed a dread lich
 59832 | Abyss:5  | Killed a dread lich
 60014 | Abyss:5  | Lost mutation: One of your tentacles bears a nasty spike.
                  | [Jiyva's grace]
 60014 | Abyss:5  | Lost mutation: You are very agile. (Dex +8, Str/Int -2)
                  | [Jiyva's grace]
 60014 | Abyss:5  | Lost mutation: Your flesh is very cold resistant. (rC++)
                  | [Jiyva's grace]
 60014 | Abyss:5  | Lost mutation: Your flesh is cold resistant. (rC+) [Jiyva's
                  | grace]
 60014 | Abyss:5  | Lost mutation: You are strong-willed. (Will+) [Jiyva's
                  | grace]
 60014 | Abyss:5  | Lost mutation: You heal very quickly. [Jiyva's grace]
 60014 | Abyss:5  | Gained mutation: Your muscles are strong. (Str +4, Int/Dex
                  | -1) [Jiyva's grace]
 60014 | Abyss:5  | Gained mutation: Your muscles are very strong. (Str +8,
                  | Int/Dex -2) [Jiyva's grace]
 60014 | Abyss:5  | Gained mutation: You are strong-willed. (Will+) [Jiyva's
                  | grace]
 60014 | Abyss:5  | Gained mutation: You are highly strong-willed. (Will++)
                  | [Jiyva's grace]
 60204 | Depths:3 | Escaped the Abyss
 60487 | Vaults:5 | Entered Level 5 of the Vaults
 60551 | Vaults:5 | Gained mutation: You are very agile. (Dex +8, Str/Int -2)
                  | [hidden potential]
 60551 | Vaults:5 | Lost mutation: You have great hidden genetic potential.
                  | [hidden potential expressed]
 60679 | Vaults:5 | Identified the +6 leather armour of Duetteh {rPois rC+}
 60706 | Vaults:5 | Found Virphisy's Weapon Shoppe.
 60734 | Vaults:5 | Got a silver rune of Zot
 60892 | Vaults:5 | Noticed Boris
 60896 | Vaults:5 | Killed Boris
 61079 | Vaults:5 | Identified the +12 orcbow of Tomorrow {elec, ^Drain rN++
                  | Int+3 Dex+2}
 61215 | Vaults:5 | Identified the +1 robe of the Nexus {rF+++ Dex-3}
 61420 | Vaults:5 | Identified the +0 helmet "Vollujou" {+Blink Int+4}
 61692 | Vaults:5 | Identified the +6 orcbow of Oily Guile {drain, rF- rN+
                  | Int+9 SInv}
 61694 | Vaults:5 | Identified the +8 mace of Jutom {heavy, Dex+2}
 62040 | Pan      | Entered Pandemonium
 62104 | Pan      | Found a huge runed translucent gate.
 62338 | Pan      | Found a huge runed translucent gate.
 62339 | Pan      | Found a huge runed translucent gate.
 62339 | Pan      | Found a huge runed translucent gate.
 62339 | Pan      | Found a huge runed translucent gate.
 62339 | Pan      | Found a huge runed translucent gate.
 62340 | Pan      | Found a huge runed translucent gate.
 62344 | Pan      | Gained mutation: You occasionally lose the ability to read
                  | scrolls when taking damage. [a neqoxec]
 62345 | Pan      | Noticed Cegrovih the pandemonium lord
 62353 | Pan      | Killed Cegrovih the pandemonium lord
 62416 | Pan      | Lost mutation: One of your tentacles bears a spike.
                  | [Jiyva's grace]
 62416 | Pan      | Lost mutation: Your muscles are very strong. (Str +8,
                  | Int/Dex -2) [Jiyva's grace]
 62416 | Pan      | Lost mutation: You have acidic saliva. [Jiyva's grace]
 62416 | Pan      | Gained mutation: Your spells are a little harder to cast,
                  | but a little more powerful. [Jiyva's grace]
 62416 | Pan      | Gained mutation: Your spells are harder to cast, but more
                  | powerful. [Jiyva's grace]
 62416 | Pan      | Gained mutation: Your spells are much harder to cast, but
                  | much more powerful. [Jiyva's grace]
 62416 | Pan      | Gained mutation: You are covered in slimy tendrils that may
                  | disarm your opponents. [Jiyva's grace]
 62872 | Pan      | Identified the +0 plate armour "Opynunec" {Str+5 Dex+2}
 63077 | Pan      | Noticed Igheucri the pandemonium lord
 63087 | Pan      | Killed Igheucri the pandemonium lord
 63110 | Pan      | Found an exit through the horrors of the Abyss.
 63489 | Pan      | Gained mutation: One of your tentacles bears a spike.
                  | [hidden potential]
 63806 | Pan      | Lost mutation: Your spells are much harder to cast, but
                  | much more powerful. [a cacodemon]
 64245 | Pan      | Entered the realm of Gloorx Vloq.
 64384 | Pan      | Noticed Gloorx Vloq
 64393 | Pan      | Killed Gloorx Vloq
 64407 | Pan      | Got a dark rune of Zot
 64573 | Pan      | Lost mutation: Your flesh is heat resistant. (rF+) [Jiyva's
                  | grace]
 64573 | Pan      | Lost mutation: Your muscles are strong. (Str +4, Int/Dex
                  | -1) [Jiyva's grace]
 64573 | Pan      | Lost mutation: You occasionally lose the ability to read
                  | scrolls when taking damage. [Jiyva's grace]
 64573 | Pan      | Gained mutation: You are resistant to electric shocks.
                  | (rElec) [Jiyva's grace]
 64573 | Pan      | Gained mutation: Your muscles are strong. (Str +4, Int/Dex
                  | -1) [Jiyva's grace]
 64573 | Pan      | Gained mutation: Your muscles are very strong. (Str +8,
                  | Int/Dex -2) [Jiyva's grace]
 64573 | Pan      | Gained mutation: Armour fits poorly on your pseudopods.
                  | [Jiyva's grace]
 64829 | Pan      | Entered the realm of Lom Lobon.
 64927 | Pan      | Found an exit through the horrors of the Abyss.
 65191 | Pan      | Identified the +6 quarterstaff of the Threshing Gods
                  | {freeze, rC+}
 65645 | Pan      | Noticed Lom Lobon
 65666 | Pan      | Killed Lom Lobon
 65682 | Pan      | Got a magical rune of Zot
 65841 | Pan      | Gained mutation: You possess an exceptional clarity of
                  | mind. [hidden potential]
 65841 | Pan      | Lost mutation: You have hidden genetic potential. [hidden
                  | potential expressed]
 65924 | Pan      | Lost mutation: You are highly strong-willed. (Will++)
                  | [Jiyva's grace]
 65924 | Pan      | Lost mutation: Your natural rate of healing is unusually
                  | fast. [Jiyva's grace]
 65924 | Pan      | Lost mutation: Your muscles are very strong. (Str +8,
                  | Int/Dex -2) [Jiyva's grace]
 65924 | Pan      | Lost mutation: Your spells are harder to cast, but more
                  | powerful. [Jiyva's grace]
 65924 | Pan      | Lost mutation: You are covered in slimy tendrils that may
                  | disarm your opponents. [Jiyva's grace]
 65924 | Pan      | Lost mutation: You expend magic power (3 MP) to strengthen
                  | your wands. [Jiyva's grace]
 65924 | Pan      | Gained mutation: You have supernaturally acute eyesight.
                  | (SInv) [Jiyva's grace]
 65924 | Pan      | Gained mutation: You are robust. (+10% HP) [Jiyva's grace]
 65924 | Pan      | Gained mutation: You are very robust. (+20% HP) [Jiyva's
                  | grace]
 65924 | Pan      | Gained mutation: You are extremely robust. (+30% HP)
                  | [Jiyva's grace]
 66183 | Pan      | Noticed Vomub the pandemonium lord
 66185 | Pan      | Killed Vomub the pandemonium lord
 66927 | Depths:2 | Escaped Pandemonium
 66933 | Pan      | Entered Pandemonium
 67034 | Pan      | Gained mutation: Your body sometimes deteriorates upon
                  | taking damage. [a cacodemon]
 67123 | Pan      | Noticed Feneg the pandemonium lord
 67126 | Pan      | Killed Feneg the pandemonium lord
 67166 | Pan      | Found an exit through the horrors of the Abyss.
 67705 | Pan      | Noticed Sugarud the pandemonium lord
 67714 | Pan      | Killed Sugarud the pandemonium lord
 67884 | Pan      | Lost mutation: One of your tentacles bears a spike.
                  | [Jiyva's grace]
 67884 | Pan      | Lost mutation: You have supernaturally acute eyesight.
                  | (SInv) [Jiyva's grace]
 67884 | Pan      | Lost mutation: You are very agile. (Dex +8, Str/Int -2)
                  | [Jiyva's grace]
 67884 | Pan      | Lost mutation: You possess an exceptional clarity of mind.
                  | [Jiyva's grace]
 67884 | Pan      | Lost mutation: You are strong-willed. (Will+) [Jiyva's
                  | grace]
 67884 | Pan      | Lost mutation: You are extremely robust. (+30% HP) [Jiyva's
                  | grace]
 67884 | Pan      | Lost mutation: Your muscles are strong. (Str +4, Int/Dex
                  | -1) [Jiyva's grace]
 67884 | Pan      | Gained mutation: You expend magic power (3 MP) to
                  | strengthen your wands. [Jiyva's grace]
 67884 | Pan      | Gained mutation: Your muscles are strong. (Str +4, Int/Dex
                  | -1) [Jiyva's grace]
 67884 | Pan      | Gained mutation: Your muscles are very strong. (Str +8,
                  | Int/Dex -2) [Jiyva's grace]
 67884 | Pan      | Gained mutation: Your spells are harder to cast, but more
                  | powerful. [Jiyva's grace]
 68029 | Pan      | Identified the +1 pair of gloves of Koak {rElec rPois Str+7
                  | Int-5}
 68235 | Pan      | Found an exit through the horrors of the Abyss.
 68280 | Pan      | Noticed Pogim the pandemonium lord
 68291 | Pan      | Killed Pogim the pandemonium lord
 68744 | Pan      | Lost mutation: You are agile. (Dex +4, Str/Int -1) [Jiyva's
                  | grace]
 68744 | Pan      | Lost mutation: Your body sometimes deteriorates upon taking
                  | damage. [Jiyva's grace]
 68744 | Pan      | Lost mutation: You are resistant to electric shocks.
                  | (rElec) [Jiyva's grace]
 68744 | Pan      | Lost mutation: Your spells are harder to cast, but more
                  | powerful. [Jiyva's grace]
 68744 | Pan      | Lost mutation: Armour fits poorly on your pseudopods.
                  | [Jiyva's grace]
 68744 | Pan      | Gained mutation: You passively dampen the noise of your
                  | surroundings. [Jiyva's grace]
 68744 | Pan      | Gained mutation: You passively map a small area around you.
                  | [Jiyva's grace]
 68744 | Pan      | Gained mutation: You passively map the area around you.
                  | [Jiyva's grace]
 68744 | Pan      | Gained mutation: You passively map a large area around you.
                  | [Jiyva's grace]
 69031 | Pan      | Noticed Cytustuy the pandemonium lord
 69044 | Pan      | Killed Cytustuy the pandemonium lord
 69382 | Pan      | Entered the realm of Cerebov.
 69732 | Pan      | Found an exit through the horrors of the Abyss.
 69900 | Pan      | Found the +6 sword of Cerebov {flame}
 69900 | Pan      | Noticed Cerebov
 69919 | Pan      | Killed Cerebov
 69967 | Pan      | Identified the amulet "Kuarchytos" {Reflect Str+5 SH+5}
 69986 | Pan      | Identified the +4 hand axe of the Boiling Point {antimagic,
                  | *Rage rF+ rC+ Dex+2}
 70003 | Pan      | Identified the +3 spear "Muk Isia" {freeze, ^Contam +Blink
                  | rElec SInv}
 70035 | Pan      | Identified the +4 short sword of Sani {flame, +Blink Will+
                  | Dex+3}
 70049 | Pan      | Gained mutation: You have a small jelly attached to you
                  | that may absorb projectiles. [Jiyva's grace]
 70049 | Pan      | Gained mutation: You are covered in fur. (AC +1) [Jiyva's
                  | grace]
 70049 | Pan      | Gained mutation: You are covered in thick fur. (AC +2)
                  | [Jiyva's grace]
 70049 | Pan      | Gained mutation: Your thick and shaggy fur keeps you warm.
                  | (AC +3, rC+) [Jiyva's grace]
 70051 | Pan      | Identified the staff "Noghew" {rC+ Dex+2 Tloc Ice}
 70061 | Pan      | Identified the amulet "Viloow" {Faith rCorr Int+2 Slay+3
                  | SInv}
 70303 | Pan      | Got a fiery rune of Zot
 70701 | Pan      | Noticed Bunn the pandemonium lord
 70705 | Pan      | Killed Bunn the pandemonium lord
 71110 | Pan      | Entered the realm of Mnoleg.
 71136 | Pan      | Gained mutation: Your melee attacks may engulf your foes in
                  | ooze. [Jiyva's grace]
 71136 | Pan      | Gained mutation: One of your tentacles bears a spike.
                  | [Jiyva's grace]
 71136 | Pan      | Gained mutation: One of your tentacles bears a nasty spike.
                  | [Jiyva's grace]
 71136 | Pan      | Gained mutation: One of your tentacles bears a large
                  | vicious spike. [Jiyva's grace]
 71473 | Pan      | Gained mutation: Potions are less effective at restoring
                  | your health. [a neqoxec]
 71503 | Pan      | Gained mutation: You sometimes lose your temper in combat.
                  | [a cacodemon]
 71509 | Pan      | Noticed Mnoleg
 71524 | Pan      | Killed Mnoleg
 71563 | Pan      | Gained mutation: Your magical capacity is low. (-10% MP) [a
                  | cacodemon]
 71855 | Pan      | Got a glowing rune of Zot
 72182 | Pan      | Identified the +6 chain mail of the Kettle-Drum {Str+2}
 72402 | Pan      | Found an exit through the horrors of the Abyss.
 72470 | Pan      | Noticed Jorob the pandemonium lord
 72501 | Pan      | Learned a level 3 spell: Swiftness
 72542 | Pan      | Killed Jorob the pandemonium lord
 72708 | Pan      | Lost mutation: One of your tentacles bears a large vicious
                  | spike. [Jiyva's grace]
 72708 | Pan      | Lost mutation: You sometimes lose your temper in combat.
                  | [Jiyva's grace]
 72708 | Pan      | Lost mutation: Your magical capacity is low. (-10% MP)
                  | [Jiyva's grace]
 72708 | Pan      | Lost mutation: You passively map a large area around you.
                  | [Jiyva's grace]
 72708 | Pan      | Lost mutation: You expend magic power (3 MP) to strengthen
                  | your wands. [Jiyva's grace]
 72708 | Pan      | Gained mutation: You have acidic saliva. [Jiyva's grace]
 72708 | Pan      | Gained mutation: You are covered in slimy tendrils that may
                  | disarm your opponents. [Jiyva's grace]
 72708 | Pan      | Gained mutation: You have a small jelly attached to you
                  | that senses nearby items. [Jiyva's grace]
 72708 | Pan      | Gained mutation: One of your tentacles bears a large
                  | vicious spike. [Jiyva's grace]
 73247 | Pan      | Reached skill level 5 in Air Magic
 73247 | Pan      | Noticed Yfavid the pandemonium lord
 73251 | Pan      | Killed Yfavid the pandemonium lord
 73706 | Pan      | Identified the +1 robe of Cheibriados {Fly rC+ Str-2}
 74197 | Pan      | Found an exit through the horrors of the Abyss.
 74341 | Pan      | Lost mutation: One of your tentacles bears a large vicious
                  | spike. [Jiyva's grace]
 74341 | Pan      | Lost mutation: You are very robust. (+20% HP) [Jiyva's
                  | grace]
 74341 | Pan      | Lost mutation: Your thick and shaggy fur keeps you warm.
                  | (AC +3, rC+) [Jiyva's grace]
 74341 | Pan      | Lost mutation: Your muscles are very strong. (Str +8,
                  | Int/Dex -2) [Jiyva's grace]
 74341 | Pan      | Lost mutation: You have a small jelly attached to you that
                  | may absorb projectiles. [Jiyva's grace]
 74341 | Pan      | Gained mutation: You are very robust. (+20% HP) [Jiyva's
                  | grace]
 74341 | Pan      | Gained mutation: You are extremely robust. (+30% HP)
                  | [Jiyva's grace]
 74341 | Pan      | Gained mutation: Your mind is acute. (Int +4, Str/Dex -1)
                  | [Jiyva's grace]
 74341 | Pan      | Gained mutation: Your mind is very acute. (Int +8, Str/Dex
                  | -2) [Jiyva's grace]
 74400 | Pan      | Got a demonic rune of Zot
 74579 | Pan      | Identified the +2 hand axe "Earthworm" {flame, rC- Str-2
                  | Int+7 Dex+2}
 74820 | Pan      | Found an exit through the horrors of the Abyss.
 74821 | Pan      | Noticed Ciryhoen the pandemonium lord
 74827 | Pan      | Killed Ciryhoen the pandemonium lord
 75933 | Depths:2 | Escaped Pandemonium
 75961 | Tar:1    | Entered Level 1 of Tartarus
 76652 | Tar:4    | Lost mutation: You passively map the area around you.
                  | [Jiyva's grace]
 76652 | Tar:4    | Lost mutation: You are covered in thick fur. (AC +2)
                  | [Jiyva's grace]
 76652 | Tar:4    | Gained mutation: You are covered in thick fur. (AC +2)
                  | [Jiyva's grace]
 76652 | Tar:4    | Gained mutation: Your thick and shaggy fur keeps you warm.
                  | (AC +3, rC+) [Jiyva's grace]
 76652 | Tar:4    | Gained mutation: Your pliable body absorbs attacks. (AC +2,
                  | EV +2) [Jiyva's grace]
 76652 | Tar:4    | Gained mutation: Your gelatinous body deflects attacks. (AC
                  | +3, EV +3) [Jiyva's grace]
 77478 | Tar:7    | Entered Level 7 of Tartarus
 78784 | Tar:7    | Noticed Ereshkigal
 78799 | Tar:7    | Killed Ereshkigal
 78830 | Tar:7    | Got a bone rune of Zot
 78851 | Tar:7    | Lost mutation: Your mind is very acute. (Int +8, Str/Dex
                  | -2) [Jiyva's grace]
 78851 | Tar:7    | Lost mutation: Your mind is acute. (Int +4, Str/Dex -1)
                  | [Jiyva's grace]
 78851 | Tar:7    | Lost mutation: You passively map a small area around you.
                  | [Jiyva's grace]
 78851 | Tar:7    | Lost mutation: You are covered in slimy tendrils that may
                  | disarm your opponents. [Jiyva's grace]
 78851 | Tar:7    | Lost mutation: You have a small jelly attached to you that
                  | senses nearby items. [Jiyva's grace]
 78851 | Tar:7    | Lost mutation: Your melee attacks may engulf your foes in
                  | ooze. [Jiyva's grace]
 78851 | Tar:7    | Lost mutation: You passively dampen the noise of your
                  | surroundings. [Jiyva's grace]
 78851 | Tar:7    | Gained mutation: You are resistant to electric shocks.
                  | (rElec) [Jiyva's grace]
 78851 | Tar:7    | Gained mutation: You have very sharp teeth. [Jiyva's grace]
 78851 | Tar:7    | Gained mutation: You have extremely sharp teeth. [Jiyva's
                  | grace]
 78851 | Tar:7    | Gained mutation: You have razor-sharp teeth. [Jiyva's
                  | grace]
 78869 | Tar:7    | Identified the +6 hand axe "Wuyvuh" {flame, rPois Int+3}
 79126 | Tar:7    | Identified the staff of Grace {rElec Hexes Air}
 79392 | Coc:1    | Entered Level 1 of Cocytus
 79414 | Coc:1    | Reached skill level 27 in Unarmed Combat
 80746 | Coc:7    | Entered Level 7 of Cocytus
 80890 | Coc:7    | Paralysed by a wendigo for 1 turns
 81041 | Coc:7    | Paralysed by a wendigo for 1 turns
 81058 | Coc:7    | Paralysed by a wendigo for 1 turns
 81280 | Coc:7    | Identified the ring "Guejuj" {+Blink rF- Will++ rCorr
                  | Dex+2}
 81280 | Coc:7    | Noticed Antaeus
 81302 | Coc:7    | Killed Antaeus
 81323 | Coc:7    | Got an icy rune of Zot
 81359 | Coc:7    | Identified the +1 helmet "Xulumiups" {Will+ rCorr Str+5}
 81499 | Coc:7    | Identified the +5 spear of Nufats {flame, Will+}
 81828 | Dis:1    | Entered Level 1 of the Iron City of Dis
 81961 | Dis:2    | Lost mutation: You have razor-sharp teeth. [Jiyva's grace]
 81961 | Dis:2    | Lost mutation: You have extremely sharp teeth. [Jiyva's
                  | grace]
 81961 | Dis:2    | Lost mutation: You are extremely robust. (+30% HP) [Jiyva's
                  | grace]
 81961 | Dis:2    | Lost mutation: Your thick and shaggy fur keeps you warm.
                  | (AC +3, rC+) [Jiyva's grace]
 81961 | Dis:2    | Lost mutation: Your muscles are strong. (Str +4, Int/Dex
                  | -1) [Jiyva's grace]
 81961 | Dis:2    | Lost mutation: Your spells are a little harder to cast, but
                  | a little more powerful. [Jiyva's grace]
 81961 | Dis:2    | Lost mutation: You have acidic saliva. [Jiyva's grace]
 81961 | Dis:2    | Lost mutation: Your gelatinous body deflects attacks. (AC
                  | +3, EV +3) [Jiyva's grace]
 81961 | Dis:2    | Gained mutation: You have a small jelly attached to you
                  | that senses nearby items. [Jiyva's grace]
 81961 | Dis:2    | Gained mutation: You have a small jelly attached to you
                  | that may absorb projectiles. [Jiyva's grace]
 81961 | Dis:2    | Gained mutation: You are agile. (Dex +4, Str/Int -1)
                  | [Jiyva's grace]
 81961 | Dis:2    | Gained mutation: You are very agile. (Dex +8, Str/Int -2)
                  | [Jiyva's grace]
 82801 | Dis:7    | Entered Level 7 of the Iron City of Dis
 83212 | Dis:7    | Noticed a juggernaut
 83224 | Dis:7    | Killed a juggernaut
 83337 | Dis:7    | Identified the +1 plate armour "Hudi" {Dex+5}
 83338 | Dis:7    | Identified the +0 robe of Youthful Indiscretion {rElec
                  | rCorr Str+3 Dex-5}
 83343 | Dis:7    | Identified the +6 spear of Havoc {heavy, +Blink Int+4}
 83549 | Dis:7    | Lost mutation: One of your tentacles bears a nasty spike.
                  | [Jiyva's grace]
 83549 | Dis:7    | Lost mutation: You are very robust. (+20% HP) [Jiyva's
                  | grace]
 83549 | Dis:7    | Lost mutation: You are covered in thick fur. (AC +2)
                  | [Jiyva's grace]
 83549 | Dis:7    | Lost mutation: Your pliable body absorbs attacks. (AC +2,
                  | EV +2) [Jiyva's grace]
 83549 | Dis:7    | Lost mutation: You have a small jelly attached to you that
                  | senses nearby items. [Jiyva's grace]
 83549 | Dis:7    | Gained mutation: One of your tentacles bears a nasty spike.
                  | [Jiyva's grace]
 83549 | Dis:7    | Gained mutation: One of your tentacles bears a large
                  | vicious spike. [Jiyva's grace]
 83549 | Dis:7    | Gained mutation: A frigid envelope surrounds you and
                  | freezes all who hurt you. [Jiyva's grace]
 83549 | Dis:7    | Gained mutation: Your muscles are strong. (Str +4, Int/Dex
                  | -1) [Jiyva's grace]
 83973 | Dis:7    | Noticed the Serpent of Hell
 83981 | Dis:7    | Killed the Serpent of Hell
 83989 | Dis:7    | Reached skill level 27 in Fighting
 84020 | Dis:7    | Noticed Dispater
 84022 | Dis:7    | Noticed a juggernaut
 84030 | Dis:7    | Killed Dispater
 84033 | Dis:7    | Killed a juggernaut
 84080 | Dis:7    | Got an iron rune of Zot
 84083 | Dis:7    | Learned a level 1 spell: Apportation
 84086 | Dis:7    | Identified the staff of the Five Loafs {rPois rC+ Str+3
                  | Stlth+ Tloc Alchemy}
 84489 | Geh:1    | Entered Level 1 of Gehenna
 85926 | Geh:7    | Entered Level 7 of Gehenna
 85949 | Geh:7    | Lost mutation: One of your tentacles bears a large vicious
                  | spike. [Jiyva's grace]
 85949 | Geh:7    | Lost mutation: A frigid envelope surrounds you and freezes
                  | all who hurt you. [Jiyva's grace]
 85949 | Geh:7    | Lost mutation: You are robust. (+10% HP) [Jiyva's grace]
 85949 | Geh:7    | Lost mutation: Your muscles are strong. (Str +4, Int/Dex
                  | -1) [Jiyva's grace]
 85949 | Geh:7    | Lost mutation: Potions are less effective at restoring your
                  | health. [Jiyva's grace]
 85949 | Geh:7    | Gained mutation: Your pliable body absorbs attacks. (AC +2,
                  | EV +2) [Jiyva's grace]
 85949 | Geh:7    | Gained mutation: Your gelatinous body deflects attacks. (AC
                  | +3, EV +3) [Jiyva's grace]
 85949 | Geh:7    | Gained mutation: You have a small jelly attached to you
                  | that senses nearby items. [Jiyva's grace]
 85949 | Geh:7    | Gained mutation: You are partially covered in iridescent
                  | scales. (AC +2) [Jiyva's grace]
 86008 | Geh:7    | Noticed a dread lich
 86011 | Geh:7    | Killed a dread lich
 86338 | Geh:7    | Got the Vademecum on Dusty Ice
 86443 | Geh:7    | Identified the +4 scale mail of Reotanwa {rPois Regen+
                  | Str-2 Int+4}
 86739 | Geh:7    | Identified the +10 flail of Gaineit {spect, rElec Will+}
 86766 | Geh:7    | Identified the +2 halberd "Imituis" {heavy, Str+5}
 86780 | Geh:7    | Found the +13 sceptre of Asmodeus
 86780 | Geh:7    | Noticed Asmodeus
 86789 | Geh:7    | Killed Asmodeus
 86798 | Geh:7    | Got an obsidian rune of Zot
 86821 | Geh:7    | Got Amuith's Thoughts on Nightshade
 86846 | Geh:7    | Identified the +0 dagger of World's End {speed, rN+}
 87794 | Tomb:2   | Noticed a royal mummy
 87798 | Tomb:2   | Noticed a royal mummy
 87804 | Tomb:2   | Reached skill level 27 in Shapeshifting
 87804 | Tomb:2   | Noticed a royal mummy
 87804 | Tomb:2   | Noticed a royal mummy
 87827 | Tomb:2   | Killed a royal mummy
 87833 | Tomb:2   | Killed a royal mummy
 87840 | Tomb:2   | Killed a royal mummy
 87843 | Tomb:2   | Killed a royal mummy
 88138 | Tomb:1   | Noticed a royal mummy
 88141 | Tomb:1   | Killed a royal mummy
 88162 | Tomb:1   | Noticed a royal mummy
 88162 | Tomb:1   | Noticed a royal mummy
 88162 | Tomb:1   | Noticed a royal mummy
 88167 | Tomb:1   | Killed a royal mummy
 88176 | Tomb:1   | Killed a royal mummy
 88177 | Tomb:1   | Killed a royal mummy
 88192 | Tomb:1   | Noticed a royal mummy
 88195 | Tomb:1   | Noticed a royal mummy
 88196 | Tomb:1   | Killed a royal mummy
 88196 | Tomb:1   | Noticed a royal mummy
 88199 | Tomb:1   | Killed a royal mummy
 88200 | Tomb:1   | Killed a royal mummy
 88209 | Tomb:1   | Noticed a royal mummy
 88211 | Tomb:1   | Noticed a royal mummy
 88215 | Tomb:1   | Killed a royal mummy
 88218 | Tomb:1   | Killed a royal mummy
 88219 | Tomb:1   | Noticed a royal mummy
 88219 | Tomb:1   | Noticed a royal mummy
 88225 | Tomb:1   | Killed a royal mummy
 88226 | Tomb:1   | Killed a royal mummy
 88227 | Tomb:1   | Noticed a royal mummy
 88232 | Tomb:1   | Killed a royal mummy
 88233 | Tomb:1   | Noticed a royal mummy
 88237 | Tomb:1   | Killed a royal mummy
 88252 | Tomb:1   | Noticed a royal mummy
 88256 | Tomb:1   | Killed a royal mummy
 88257 | Tomb:1   | Reached skill level 27 in Evocations
 88291 | Tomb:1   | Noticed a royal mummy
 88296 | Tomb:1   | Killed a royal mummy
 88327 | Tomb:1   | Noticed a royal mummy
 88336 | Tomb:1   | Killed a royal mummy
 88349 | Tomb:1   | Noticed a royal mummy
 88355 | Tomb:1   | Killed a royal mummy
 88551 | Tomb:3   | Entered Level 3 of the Tomb of the Ancients
 88613 | Tomb:3   | Noticed a royal mummy
 88625 | Tomb:3   | Noticed a royal mummy
 88627 | Tomb:3   | Killed a royal mummy
 88628 | Tomb:3   | Noticed a royal mummy
 88631 | Tomb:3   | Noticed a royal mummy
 88633 | Tomb:3   | Identified the +5 hand axe "Bebrept" {drain, Int-4 Dex+5
                  | Stlth+}
 88642 | Tomb:3   | Noticed a royal mummy
 88643 | Tomb:3   | Killed a royal mummy
 88653 | Tomb:3   | Killed a royal mummy
 88657 | Tomb:3   | Killed a royal mummy
 88660 | Tomb:3   | Killed a royal mummy
 88673 | Tomb:3   | Noticed a royal mummy
 88677 | Tomb:3   | Noticed a royal mummy
 88677 | Tomb:3   | Noticed a royal mummy
 88689 | Tomb:3   | Killed a royal mummy
 88690 | Tomb:3   | Killed a royal mummy
 88691 | Tomb:3   | Noticed a royal mummy
 88694 | Tomb:3   | Killed a royal mummy
 88699 | Tomb:3   | Killed a royal mummy
 88953 | Tomb:3   | Got a golden rune of Zot
 88986 | Tomb:3   | Got the Book of Vile Amathomancy
 88989 | Tomb:3   | Got Bulutt's Spellbook of Elsewhere
 88991 | Tomb:3   | Identified the +4 rapier of Qedaz {distort, rC- Str+5
                  | Dex+4}
 88995 | Tomb:3   | Identified the +1 rapier "Zismim" {antimagic, rPois rF+
                  | rN++ Str-3}
 88998 | Tomb:3   | Identified the +9 long sword "Goblinbane" {holy, rCorr
                  | Int+7}
 89742 | Zot:5    | Noticed an ancient lich
 89751 | Zot:5    | Killed an ancient lich
 89787 | Zot:5    | Got the Orb of Zot
 90544 | D:$      | Escaped with the Orb!

Illustrated notes

Levels and vault maps discovered:
D:1:      dpeg_arrival_round_c, layout_basic, minmay_octomino_j4
D:2:      layout_loops_ring, hellmonk_ecumenical_altar_dog_temple
D:3:      layout_basic, nicolae_ru_sacrificial_ziggurat, lemuel_doored_altar,
          gammafunk_temple_of_torment, kennysheep_generic_room_3, uniq_jessica
D:4:      layout_gridville, skrybe_limestone_x
D:5:      layout_basic, lemuel_temple_firewalk_b
D:6:      layout_gridville, minivault_25, serial_library_hellmonk_hallway_a,
          uniq_menkaure, uniq_duvessa
D:7:      layout_gridville, enter_bailey_3, serial_shops, shop, uniq_maurice,
          uniq_jeremiah
D:8:      lemuel_ratsnest, layout_loops_ring, okawaru_metal_pillars_1_2,
          dpeg_lair_monsters
D:9:      layout_layer_cave, marbit_many_paths, grunt_temple_overflow_open,
          david_orc_1_choice, serial_ice, serial_ice_j, serial_ice_e,
          serial_ice_f, serial_ice_h
D:10:     minmay_the_grid_octo_triangle [minmay_the_grid_octo_tetromino_candy,
          minmay_the_grid_octo_prize_ultimate_mussel_roller,
          minmay_the_grid_octo_chip], layout_loops_cross,
          nicolae_overflow_quartered_altars, nzn_hepliaklqana_mist_gate,
          nrook_mini_backslash, minmay_ruined_shrine
D:11:     layout_gridville, wad_mini_maze, uniq_sonja
D:12:     layout_irregular_city, enter_trove_3, kennysheep_generic_room_5
D:13:     layout_loops_ring, grunt_vaults_entry_fortified, serial_shops,
          nicolae_shop_hallway_plus, grunt_qazlal_clouds
D:14:     layout_basic, bh_walls_and_bars, uniq_snorg
D:15:     gammafunk_depths_entry_grave, layout_long_grid, minmay_fountain_box,
          uniq_agnes, uniq_louise, uniq_jorgrun
Lair:1:   layout_roguey, st_stairs_3, kennysheep_snail_temple
Lair:2:   layout_gridlike, minmay_snake_entry_six_corridors,
          pdpol_lair_cavern_descent, uniq_gastronok
Lair:3:   layout_loops_ring, shoals_dummy_entry, portal_ice_cave_entry_imps,
          nicolae_lair_liquid_snakes, grunt_megastairs_5
Lair:4:   layout_loops_ring, minmay_slime_entry_pillars,
          cheibrodos_lair_lostbears, infiniplex_staircase_pool,
          grunt_megastairs_3, lemuel_fruit_fields, serial_bayou_shore_b,
          lemuel_fruit_tree
Lair:5:   hellmonk_lair_end_abyssal_woods, layout_misc_corridors
Shoals:1: layout_shoals, nicolae_shoals_dead_sea_scrolls
Shoals:2: layout_shoals, serial_shops, nicolae_shop_tiny_glass
Shoals:3: layout_shoals
Shoals:4: shoals_end_simple, layout_shoals, serial_shops,
          nicolae_shop_tiny_statue_garden, uniq_mara
Snake:1:  layout_chambers, drop_trap, uniq_mlioglotl, uniq_roxanne
Snake:2:  layout_rooms
Snake:3:  layout_chambers, special_room, nicolae_snake_boneroom,
          minmay_shop_star, uniq_bai_suzhen
Snake:4:  grunt_snake_rune_serpentine_throne, layout_cave_town,
          hangedman_venom_bottle, uniq_aizul
Slime:1:  layout_caves, nicolae_slime_phagocytosis
Slime:2:  layout_caves
Slime:3:  layout_caves, uniq_dissolution
Slime:4:  layout_caves
Slime:5:  slime_pit_nicolae_block_by_block
Orc:1:    gammafunk_beogh_shrine, layout_diamond_mine, ebering_ghost_inner_flame
Orc:2:    st_orc_pillars, layout_caves, hellmonk_guarded_unrand_dark_maul,
          uniq_nessos
Elf:1:    eino_elf_arrival_altar, layout_gridlike,
          portal_desolation_entry_nicolae_nacl, mu_enter_wizlab_1,
          hangedman_elf_represent
Elf:2:    nicolae_elf_blades_crystal_corner, layout_geoelf_diagonals,
          uniq_asterion, uniq_nikola
Elf:3:    minmay_elf_hall_not_hex, layout_loops_ring
Vaults:1: nicolae_vaults_tetromino_Z_2, vaults_room_pools,
          nicolae_vaults_taking_the_gang_shopping,
          nicolae_vaults_big_angled_halls, hangedman_vaults_maws, v_misc_9,
          hangedman_vaults_pinch, nicolae_vaults_little_squares_4,
          hangedman_vaults_maws, vaults_room_grunt_arrival_ludios,
          nicolae_vaults_tetromino_Z_2, nicolae_vaults_library_corner,
          nicolae_vaults_house_3, layout_vaults_omnicross, serial_shops, shop,
          uniq_norris
Vaults:2: minmay_crypt_entry_simple_sparse, nicolae_vaults_inception_network,
          nicolae_vaults_tangram_2, vaults_room_fours,
          ontoclasm_vaults_ring_square, v_misc_5, hangedman_vaults_stream,
          nicolae_vaults_trapezoid_2, hangedman_vaults_stretched_pinwheel,
          vaults_mumra_hexcomb, v_pattern_2, vaults_dpeg_doors,
          nicolae_vaults_tetromino_Z_1, layout_vaults_maze
Vaults:3: nicolae_vaults_apartment_2, vaults_room_pool, v_misc_11,
          nicolae_vaults_network_barrier,
          serial_library_hellmonk_reading_circle, v_misc_12,
          nicolae_vaults_trapezoid_lopsided_1, ontoclasm_vaults_spin,
          vaults_dpeg_spiral, nicolae_vaults_sightless_eye, vaults_room_fours,
          vaults_room_hallway, layout_vaults_omnigrid
Vaults:4: v_misc_4, nicolae_vaults_two_Ls, hangedman_vaults_stagger,
          nicolae_vaults_hexular_roomagon, nicolae_vaults_storage_room_doors,
          nicolae_vaults_network_s, grunt_vaults_trifunnel, vaults_dpeg_hooks,
          hangedman_vaults_river_flow, vaults_room_hallway,
          nicolae_vaults_trapezoid_2, nicolae_vaults_little_ls,
          nicolae_vaults_oval_intersection, layout_vaults_omnibox
Vaults:5: serial_shops
Crypt:1:  cheibrodos_crypt_draghalla, layout_gridlike,
          serial_sigils_hangedman_clutch, minmay_misc_feat_columns
Crypt:2:  layout_chaotic_city, feat_on_display, uniq_margery, uniq_vv,
          uniq_grunn, uniq_mennas, uniq_donald
Crypt:3:  cryptofortress_bobbens
Tomb:1
Tomb:2
Tomb:3
Depths:1: layout_basic, grunt_hell_entry_demonic_statue, serial_shops, shop,
          nicolae_transporter_intersection
Depths:2: kennysheep_treasure_stockpile, layout_twisted_cross, enter_ziggurat_b,
          abyss_entry, rand_demon_pan_entry_5, hell_entry,
          infiniplex_staircase_pillars_1
Depths:3: hangedman_cross_stitches, layout_cave_shapes, roderic_serpentine_path,
          pf_hell_entry_great_geh, abyss_entry_flame_altar,
          serial_library_regret_index_double_sided, minmay_stone_trees_medium,
          nemelex_lonely_heart_becter
Depths:4: grunt_zot_entry_tricorne, layout_gridlike,
          abyss_entry_small_statue_room, pf_coc_iceberg, fiery_altar_vehumet,
          serial_bayou_shore_b, uniq_boris
Hell
Dis:1:    layout_gridville, nicolae_hells_hurtin_island
Dis:2:    layout_jigsaw
Dis:3:    layout_subdivisions
Dis:4:    layout_jigsaw, nicolae_dis_scattering
Dis:5:    layout_jigsaw
Dis:6:    layout_gridville, nicolae_hells_seeping_fissure
Dis:7:    dis_st
Geh:1:    layout_gehenna_pools_basic
Geh:2:    layout_gehenna_pools_triple
Geh:3:    layout_gehenna_lava_caves
Geh:4:    layout_gehenna_lava_caves
Geh:5:    layout_gehenna_pools_basic
Geh:6:    layout_gehenna_pools_triple, nicolae_geh_single_fiery_grave
Geh:7:    geh_grunt
Coc:1:    layout_cocytus_water_paths
Coc:2:    layout_ice_bergs
Coc:3:    layout_cocytus_delve
Coc:4:    layout_ice_bergs
Coc:5:    layout_ice_bergs
Coc:6:    layout_cocytus_water_paths
Coc:7:    coc_old
Tar:1:    layout_grid_maze
Tar:2:    layout_honeycomb, nicolae_tar_cuneiform_bird
Tar:3:    layout_catacombs
Tar:4:    layout_catacombs
Tar:5:    layout_grid_maze
Tar:6:    nicolae_tar_honey_stairs, layout_cathedral_of_symmetry
Tar:7:    tar_mu [tar_mu_maze]
Zot:1:    layout_basic, regret_index_zotdec_twisting_globes
Zot:2:    kennysheep_room_grid, layout_basic, hangedman_zot_decor_checkerboard,
          regret_index_zotdec_split_disrupt, uniq_tiamat
Zot:3:    layout_twisted_circle, lemuel_baited_zot_trap, zot_minivault_2
Zot:4:    layout_gridlike
Zot:5:    layout_twisted_circle, drop_trap, nicolae_shop_clearance

Skill      XL: |  1  2  3  4  5  6  7  8  9 10 11 12 13 14 15 16 17 18 19 20 21 22 23 24 25 26 27 |
---------------+----------------------------------------------------------------------------------+-----
Stealth        | 1 2 3 4 6 8 10 12 14 15 16 25 | 25.0
Shapeshifting  | 4 6 7 8 10 11 12 14 16 18 22 27 | 27.0
Unarmed Combat | 5 7 9 10 11 12 14 15 16 18 19 20 22 27 | 27.0
Fighting       | 3 6 8 10 12 13 14 16 18 27 | 27.0
Dodging        | 3 4 5 7 8 11 12 14 15 16 25 | 25.0
Evocations     | 7 8 10 11 27 | 27.0
Translocations | 2 10 14 23 | 23.0
Spellcasting   | 2 5 8 9 10 20 | 20.0
Shields        | 3 11 17 18 21 22 26 | 26.5
Air Magic      | 6 |  6.0

Action                     |  1- 3 |  4- 6 |  7- 9 | 10-12 | 13-15 | 16-18 | 19-21 | 22-24 | 25-27 || total
---------------------------+-------+-------+-------+-------+-------+-------+-------+-------+-------++-------
  Melee: Unarmed           |    69 |   107 |   191 |   455 |  1076 |  1484 |   954 |  1203 |  7613 || 13152
         Constrict         |    18 |    24 |    62 |    90 |   187 |   183 |    96 |    96 |   421 ||  1177
         Tentacles         |    10 |    23 |    57 |   135 |   360 |   448 |   145 |   135 |   743 ||  2056
         Punch             |     1 |     3 |     2 |       |       |     7 |    82 |    72 |   572 ||   739
         Pseudopods        |       |       |    42 |   132 |   357 |       |   133 |   117 |   254 ||  1035
         Bite              |       |       |       |    64 |    43 |       |       |    28 |   339 ||   474
         Kick              |       |       |       |       |       |       |       |    93 |   831 ||   924
         Tailslap          |       |       |       |       |       |       |       |       |     4 ||     4
   Cast: Manifold Assault  |       |       |       |       |       |   197 |   221 |   461 |  2984 ||  3863
         Blink             |       |       |       |       |       |       |     2 |     2 |    13 ||    17
         Lesser Beckoning  |       |       |       |       |       |       |       |     3 |    79 ||    82
         Vhi's Electric Ch |       |       |       |       |       |       |       |       |   246 ||   246
         Dispersal         |       |       |       |       |       |       |       |       |     5 ||     5
         Swiftness         |       |       |       |       |       |       |       |       |     3 ||     3
         Apportation       |       |       |       |       |       |       |       |       |     1 ||     1
 Invoke: Slimify           |       |       |     1 |       |     1 |       |       |       |     1 ||     3
         Oozemancy         |       |       |       |     2 |     1 |     8 |     7 |     1 |     3 ||    22
Ability: Begin Untransform |       |       |       |       |       |       |       |     1 |     3 ||     4
         Blinkbolt         |       |       |       |       |       |       |       |       |    18 ||    18
         Breathe Fire      |       |       |       |       |       |       |       |       |     1 ||     1
  Evoke: Wand              |       |       |       |     5 |    16 |     4 |       |       |    13 ||    38
         Lightning rod     |       |       |       |       |     5 |     3 |       |       |       ||     8
         Phantom mirror    |       |       |       |       |     1 |     2 |       |       |     3 ||     6
         Tin of tremorston |       |       |       |       |       |     2 |     2 |       |    12 ||    16
         Sack of spiders   |       |       |       |       |       |       |     1 |       |     1 ||     2
         Horn of Geryon    |       |       |       |       |       |       |       |       |     6 ||     6
    Use: Scroll            |       |       |       |     9 |    11 |    13 |     7 |     5 |    18 ||    63
         Potion            |       |       |       |     1 |     3 |     3 |       |       |    24 ||    31
   Stab: Sleeping          |     9 |    10 |     6 |     2 |    10 |    16 |    12 |    15 |    41 ||   121
         Distracted        |     1 |       |     1 |       |     7 |     5 |     4 |     4 |    42 ||    64
         Confused          |       |       |       |       |       |     6 |    35 |    17 |    64 ||   122
         Fleeing           |       |       |       |       |       |     1 |       |       |       ||     1
 Armour: Skin              |    21 |    50 |    68 |   168 |   396 |   500 |   380 |   222 |  1235 ||  3040
  Dodge: Dodged            |    36 |    44 |   101 |   280 |   958 |  1528 |   488 |   254 |  1803 ||  5492
  Block: Tower shield      |       |       |       |       |       |    67 |   960 |   710 |  4351 ||  6088
         Reflection        |       |       |       |       |       |       |       |       |    57 ||    57
         Other             |       |       |       |       |       |       |       |       |     6 ||     6
   Form: Flux              |       |       |     1 |       |       |       |       |       |       ||     1
         Statue            |       |       |       |       |       |     1 |     1 |     1 |     3 ||     6
         Serpent           |       |       |       |       |       |       |     1 |       |       ||     1
         Death             |       |       |       |       |       |       |       |       |     5 ||     5
                           |       |       |       |       |       |       |       |       |     4 ||     4
         Dragon            |       |       |       |       |       |       |       |       |     3 ||     3
         Storm             |       |       |       |       |       |       |       |       |     1 ||     1
